 Dungeon Crawl Stone Soup version 0.18-a0-1782-gb76a692 (webtiles) character file.

1213441 namelastname112 the Grand Master (level 27, -12/351 HPs)
             Began as a White Draconian Chaos Knight on Apr 15, 2016.
             Was the Champion of Ashenzari.
             Killed from afar by a Brimstone Fiend (24 damage)
             ... with a damnation
             ... on level 7 of Gehenna on Apr 17, 2016.
             The game lasted 08:59:46 (89647 turns).

namelastname112 the Grand Master (DrCK)            Turns: 89647, Time: 08:59:47

Health: -12/351    AC: 36    Str: 23    XL:     27
Magic:  0/50       EV: 34    Int:  9    God:    Ashenzari [******]
Gold:   10007      SH: 29    Dex: 17    Spells: 10 memorised, 8 levels left

rFire  + + +     SeeInvis +       - Unarmed
rCold  + + .     Gourm    .     (armour unavailable)
rNeg   + + .     Faith    .     p - +6 large shield of Ignorance {rN+ AC+2 EV+2 Int-6 *Curse} (curse)
rPois  ∞         Spirit   +     W - +2 hat {Int+3} (curse)
rElec  +         Dismiss  .     a - +2 cloak {rC+} (curse)
rCorr  .         Reflect  .     (gloves currently unavailable)
SustAt .         Harm     .     (boots currently unavailable)
MR     +++..     Clarity  +     J - amulet "Purear" {Spirit rElec MP+9 Str+4} (curse)
Stlth  ++........               s - +6 ring of protection (curse)
                                u - ring "Zorideh" {+Inv rElec rF+++ MR+ Dex-3} (curse)

@: statue-form, very slightly contaminated, regenerating, deflect missiles, very
slow, extremely resistant to hostile enchantments, unstealthy
A: (breathe frost), unfitting armour, cold resistance 1, no device heal 1,
cold-blooded, AC +13
a: End Transformation, Curse Item, Scrying, Transfer Knowledge, Renounce
Religion, Evoke Invisibility
}: 13/15 runes: barnacled, slimy, silver, golden, iron, bone, abyssal, demonic,
glowing, magical, fiery, dark, gossamer


You were on level 7 of Gehenna.
You worshipped Ashenzari.
Ashenzari was exalted by your worship.
You were not hungry.
You were a stone statue.
You visited 15 branches of the dungeon, and saw 80 of its levels.
You visited Pandemonium 1 time, and saw 27 of its levels.
You visited the Abyss 2 times.
You visited 1 bazaar.
You visited 1 ziggurat, and saw 10 of its levels.
You also visited: Trove, Sewer, Ice Cave, Volcano and Wizlab.

You collected 13499 gold pieces.
You spent 3492 gold pieces at shops.

Inventory:

Armour
 a - a cursed +2 cloak of cold resistance (worn)
 f - a +3 buckler of cold resistance
 p - the cursed +6 large shield of Ignorance (worn) {rN+ AC+2 EV+2 Int-6 *Curse}
   (You found it on level 7 of Tartarus)

   It affects your AC (+2).
   It affects your evasion (+2).
   It affects your intelligence (-6).
   It protects you from negative energy.
   It may re-curse itself when equipped.
   It has a curse placed upon it.
 E - a cursed +2 pair of gloves of dexterity (melded)
 R - a cursed +2 pair of boots of running (melded)
 W - a cursed +2 hat of intelligence (worn)
Rods
 U - a +4 rod of shadows (13/13)
   (You found it in a wizard's laboratory)
Jewellery
 s - a cursed +6 ring of protection (right hand)
 t - an uncursed ring of ice
 u - the cursed ring "Zorideh" (left hand) {+Inv rElec rF+++ MR+ Dex-3}
   (You took it off a deep elf annihilator on level 4 of the Depths)

   [ring of protection from magic]

   It affects your dexterity (-3).
   It renders you almost immune to fire.
   It insulates you from electricity.
   It affects your resistance to hostile enchantments.
   It lets you turn invisible.
   It has a curse placed upon it.
 H - a +4 amulet of reflection
 J - the cursed amulet "Purear" (around neck) {Spirit rElec MP+9 Str+4}
   (You found it on level 5 of the Vaults)

   [amulet of guardian spirit]

   It causes incoming damage to be split between your health and magic.
   It affects your strength (+4).
   It insulates you from electricity.
   It affects your magic capacity (+9).
   It has a curse placed upon it.
Wands
 e - a wand of digging (7/24)
 G - a wand of disintegration (4/24)
 I - a wand of heal wounds (6/9)
 V - a wand of heal wounds (4/9)
 Y - a wand of teleportation (4/9)
Scrolls
 c - 3 scrolls of enchant weapon
 d - 13 scrolls of recharging
 i - 12 scrolls of magic mapping
 l - 15 scrolls of remove curse
 o - 2 scrolls of holy word
 r - 2 scrolls of enchant armour
 v - 7 scrolls of blinking
 w - 9 scrolls of fear
 y - 14 scrolls of teleportation
 M - 33 scrolls of identify
 N - 4 scrolls of summoning
 X - 7 scrolls of fog
Potions
 g - 4 potions of flight
 h - 8 potions of brilliance
 j - 10 potions of heal wounds
 k - 5 potions of ambrosia
 m - 25 potions of curing
 n - 3 potions of magic
 q - a potion of cure mutation
 x - 10 potions of haste
 z - a potion of might
 C - 4 potions of invisibility
 D - 5 potions of resistance
 P - 7 potions of berserk rage
 Q - 11 potions of agility
 T - 3 potions of cancellation
Miscellaneous
 A - a phial of floods
 B - a fan of gales
 F - a box of beasts
 K - a legendary deck of wonders {drawn: 1}
 S - a sack of spiders
Comestibles
 b - 24 bread rations
 O - 38 fruits


   Skills:
 + Level 26.4 Fighting
   Level 3.7 Long Blades
 - Level 24.4(27) Dodging
 * Level 18.4(20.7) Shields
 O Level 27 Unarmed Combat
 - Level 14.3 Spellcasting
 - Level 8.4(12.8) Hexes
 - Level 12.1(16.2) Charms
 - Level 25.5(27) Translocations
 - Level 15.3(19.3) Transmutations
 - Level 12.0(16.2) Air Magic
 - Level 5.2(9.6) Earth Magic
 - Level 8.5(12.9) Evocations


You had 8 spell levels left.
You knew the following spells:

 Your Spells              Type           Power        Failure   Level  Hunger
a - Dragon Form           Trmt           #####.....   8%          7    #######
b - Passwall              Trmt/Erth      ####......   1%          2    None
c - Blink                 Tloc           N/A          0%          2    None
d - Regeneration          Chrm/Necr      ###.......   1%          3    ##.....
e - Deflect Missiles      Chrm/Air       #####.....   3%          6    #######
f - Haste                 Chrm           #####...     3%          6    #######
g - Silence               Hex/Air        ####......   1%          5    #####..
h - Apportation           Tloc           ######....   0%          1    None
i - Controlled Blink      Tloc           N/A          4%          8    #######
s - Statue Form           Trmt/Erth      ####.....    8%          6    #######


Dungeon Overview and Level Annotations

Branches:
Dungeon (15/15)            Temple (0/1) D:6            Lair (8/8) D:9
 Shoals (4/4) Lair:6       Spider (4/4) Lair:3        Slime (6/6) Lair:6
    Orc (2/2) D:9             Elf (3/3) Orc:2        Vaults (5/5) D:14
  Crypt (3/3) Vaults:3       Tomb (3/3) Crypt:3      Depths (5/5) D:15
   Hell (1/1)                 Dis (7/7) Hell            Geh (7/7) Hell
    Coc (0/7) Hell            Tar (7/7) Hell            Zot (0/5) Depths:5

Altars:
Ashenzari
Dithmenos
Fedhas
Gozag
Kikubaaqudgha
Nemelex Xobeh
Okawaru
Pakellas
Ru
Trog
Vehumet
Xom
Yredelemnul
Beogh

Shops:
Orc:2 *!(   Shoals:4 *[?*:   Vaults:3 (:   Vaults:4 }

Portals:
Hell: Depths:1 Depths:2 Depths:3 Depths:4 Depths:5
Abyss: Depths:3 Depths:4
Pandemonium: Depths:3
Ziggurat: Depths:5

Annotations:
D:8 Maurice
Elf:2 2 runed doors


Innate Abilities, Weirdness & Mutations

((You can breathe waves of freezing cold.))
((You can buffet flying creatures when you breathe cold.))
((Your icy white scales are hard (AC +13).))
Your body does not fit into most forms of armour.
Your flesh is cold resistant.
You are cold-blooded and may be slowed by cold attacks.
Potions and wands are less effective at restoring your health.


Message History

You feel much better.
You block the Brimstone Fiend's attack. x3
The Brimstone Fiend gestures at you.
The damnation unfurls!
The damnation engulfs you!
* * * LOW HITPOINT WARNING * * *
The damnation engulfs the Brimstone Fiend.
The Brimstone Fiend completely resists.
You take 3 damage, and have 46/351 hp.
You now have 3/50 mp.
Read which item? (? for menu, Esc to quit)
Blink to where?
Press: ? - help, Dir - move target cursor You are very lightly contaminated with residual magic.
As you read the scroll of blinking, it crumbles to dust.
You found a Zot trap!
The Brimstone Fiend gestures at you.
The damnation unfurls!
The damnation engulfs you!
* * * LOW HITPOINT WARNING * * *
The Brimstone Fiend gestures at you.
The damnation unfurls!
The damnation engulfs you!
You die...
Xom chuckles heartily!

..........#####....∆*,,,,,≈≈*****
.....{........''...**,,,≈≈≈≈*****
...............'#+**,,,,,≈≈≈*****
................#,*,,,,,≈,≈≈*****
...#######).....#,**{,,,,≈≈≈*****
,###$$$$$#)'1...#,{*,,,,,,≈≈*****
,#......).§)1...##{*,,,,,,≈≈*****
*#..#####))##....#,*,,,,,,≈≈*****
#$.**∆∆∆##.$#..^8#,**,,,,≈≈≈*****
#.,*∆∆∆∆∆#.)#....#,,*,,,,,,≈*****
#∆,*,,,∆∆#.$#....##,*,,,,,≈≈*****
*∆,*,,,∆∆#.$#.....#,*,,,,,,≈*****
#∆,'',{∆*#.$#.....#,**,,,,≈≈*****
##,,+****..##.....#,,*,,,≈≈≈*****
.#,,,,,,,..#...)..##,*,,,,≈≈*****
.###∆∆∆∆$###.......#,*,,,,≈≈*****
...#######.........#,*,,,,≈≈*****


You could see 2 Brimstone Fiends.

Vanquished Creatures
  Cerebov (Pan)
  the Royal Jelly (Slime:6)
  Ereshkigal (Tar:7)
  Gloorx Vloq (Pan)
  A seraph (Pan)
  Mnoleg (Pan)
  Dispater (Dis:7)
  Khufu (Tomb:2)
  Mara (Tomb:1)
  Mennas (Depths:5)
  3 ancient liches
  2 juggernauts
  Sojobo (Crypt:1)
  31 greater mummies
  Frederick (Tomb:1)
  Saint Roka (Depths:1)
  10 caustic shrikes
  A curse toe (Crypt:3)
  Norris (Depths:2)
  8 golden dragons
  Geryon (Hell)
  2 pearl dragons (Pan)
  8 iron giants
  Xtahua (Crypt:3)
  11 Tzitzimimeh
  3 bone dragons
  A Hellbinder (WizLab)
  2 hellephants
  10 Brimstone Fiends
  4 doom hounds
  12 Hell Sentinels
  7 pandemonium lords (Pan)
  7 tentacled monstrosities
  4 Ice Fiends
  14 titans
  6 deep elf blademasters
  4 krakens
  2 deep elf master archers (Elf:3)
  19 liches
  Frances (Spider:1)
  16 ancient champions
  10 acid blobs
  15 Executioners
  4 tentacled starspawn (Abyss:1)
  Gastronok (Lair:3)
  An eldritch tentacle (Pan)
  11 sphinxes
  Kirke (Lair:8)
  9 storm dragons
  12 shadow dragons
  6 tengu reavers
  A greater naga (Zig:8)
  18 fire giants
  2 draconian monks
  Wiglaf (Crypt:3)
  Donald (Spider:2)
  9 azure jellies
  7 revenants
  14 daevas (Pan)
  An azure jelly (shapeshifter) (Zig:2)
  10 deep elf sorcerers
  Ilsuiw (Shoals:4)
  19 frost giants
  2 draconian knights
  An orc warlord (Orc:2)
  A frost giant (shapeshifter) (Vaults:5)
  5 black suns (Pan)
  28 balrugs
  5 ghost moths
  13 vault wardens
  Aizul (Lair:3)
  A draconian scorcher (Depths:5)
  4 warmongers (Pan)
  19 cacodemons
  6 emperor scorpions
  13 iron dragons
  6 curse skulls
  21 angels
  A deep elf elementalist (Elf:3)
  3 draconian annihilators
  3 chaos champions (Pan)
  4 spriggan defenders
  13 ironheart preservers
  32 stone giants
  5 corrupters (Pan)
  3 ghouls (Crypt:3)
  8 blood saints (Pan)
  44 reapers
  14 war gargoyles
  7 vampire knights
  5 starcursed masses
  10 bennus
  37 very ugly things
  12 ophanim (Pan)
  18 apis (Pan)
  2 black draconians
  6 deep elf demonologists
  A white draconian (Zig:4)
  2 green draconians (Depths:5)
  8 salamander stormcallers
  6 lorocyprocas
  10 deep elf annihilators
  12 spark wasps
  13 ettins
  10 blizzard demons
  A crystal guardian (Vaults:2)
  A yellow draconian (Zig:4)
  4 deep elf death magi
  8 eidola
  3 death oozes (Slime:6)
  13 green deaths
  6 merfolk javelineers
  9 jiangshi
  10 merfolk impalers
  4 deep elf high priests
  A spectral kraken (Tar:7)
  43 vault guards
  17 yaktaur captains
  13 fire dragons
  20 mummy priests
  7 great orbs of eyes
  4 quicksilver dragon zombies
  6 hydras
  6 entropy weavers
  6 quicksilver dragon skeletons
  6 hell beasts
  10 ice dragons
  8 rakshasas
  16 ogre magi
  7 monstrous demonspawn (Pan)
  7 spriggan air magi
  3 merfolk avatars
  An iron giant zombie (Crypt:3)
  3 catoblepae
  14 merfolk aquamancers
  13 centaur warriors
  20 dancing weapons
  3 ghost crabs
  2 death knights
  10 deep troll earth magi
  4 satyrs
  6 deep troll shamans
  5 tengu warriors
  9 hell hogs
  9 vampire magi
  8 spriggan berserkers
  2 thrashing horrors (Abyss:1)
  16 death yaks
  28 sun demons
  6 orc high priests (Orc:2)
  8 iron golems
  5 spriggans (Depths:3)
  3 titan zombies
  A storm dragon zombie (Dis:7)
  15 shadow wraiths
  28 soul eaters
  2 fire crabs (shapeshifter)
  22 deep elf knights
  2 wretched stars (Abyss:1)
  9 iron trolls (Dis:7)
  33 hell knights
  4 titan skeletons
  71 skeletal warriors
  9 cherubim (Pan)
  A spatial maelstrom (Abyss:2)
  48 death scarabs
  The ghost of skk the Blocker, a novice DsFi of Okawaru (D:7)
  12 sea snakes
  3 salamander mystics
  3 golden dragon zombies
  A spark wasp zombie (Depths:3)
  19 deep trolls
  4 unseen horrors
  2 storm dragon skeletons
  2 swamp dragons (Zig:9)
  A ghost moth zombie (Dis:3)
  5 deep elf archers
  2 death drakes (Zig:9)
  13 flayed ghosts
  An infernal demonspawn (Pan)
  8 torturous demonspawn (Pan)
  10 gelid demonspawn (Pan)
  2 giant orange brains
  3 wizards (Pan)
  2 anaconda zombies
  21 shadow demons
  3 anaconda skeletons
  5 putrid demonspawn (Pan)
  13 necromancers
  10 phantasmal warriors
  3 golden dragon skeletons
  3 wolf spider zombies
  9 hill giants
  11 orb spiders
  A lindwurm (Lair:8)
  15 ironbrand convokers
  23 anubis guards
  A lindwurm (shapeshifter) (Depths:3)
  An iron dragon zombie (Dis:7)
  22 wolf spiders
  4 shadow dragon zombies
  10 orc knights
  17 harpies
  6 orc sorcerers
  9 fire giant zombies
  3 stone giant zombies
  An orb spider (shapeshifter) (D:13)
  4 shining eyes
  A sphinx skeleton (Vaults:4)
  22 manticores
  75 ugly things
  3 moths of wrath
  11 fauns
  6 griffons
  68 deep elf magi
  6 hornets
  An iron dragon skeleton (Crypt:3)
  2 frost giant zombies
  7 cyclopes
  4 frost giant skeletons
  5 stone giant skeletons
  2 apocalypse crabs
  7 salamanders
  An elephant (shapeshifter) (Depths:5)
  19 sixfirhies (Pan)
  2 ice statues (IceCv)
  An octopode (shapeshifter) (D:14)
  10 sirens
  15 elephants
  4 black mambas
  A naga mage (Zig:8)
  4 water nymphs
  2 guardian serpents (shapeshifter) (Vaults:5)
  16 rust devils
  5 torpor snails
  2 shock serpent skeletons
  12 vault sentinels
  4 gargoyles
  26 smoke demons
  25 orange demons
  2 dire elephant zombies
  A yellow draconian zombie (Crypt:1)
  3 dire elephant skeletons
  17 spiny frogs
  3 fire giant skeletons
  A catoblepas zombie (Dis:3)
  4 spectral swamp worms (Tar:7)
  A spiny frog (shapeshifter) (Elf:1)
  7 molten gargoyles
  4 rime drakes
  5 kobold demonologists
  22 demonic crawlers
  23 hellions
  15 komodo dragons
  54 yaktaurs
  12 freezing wraiths
  19 tormentors
  5 efreet
  A purple draconian zombie (Crypt:3)
  22 ice devils
  An ancient zyme (Abyss:1)
  A white draconian skeleton (Crypt:2)
  52 guardian mummies
  31 jumping spiders
  20 red devils
  A yaktaur (shapeshifter) (Vaults:5)
  12 hellwings (Pan)
  A tengu conjurer (D:15)
  A queen bee (Spider:2)
  12 trolls
  A polar bear (Lair:8)
  A silent spectre (Tar:7)
  A minotaur zombie (Geh:7)
  34 merfolk
  A troll (shapeshifter) (Depths:5)
  A catoblepas skeleton (Tar:4)
  A wind drake (shapeshifter) (D:13)
  7 hydra zombies
  7 raiju
  31 two-headed ogres
  A boulder beetle (shapeshifter) (Vaults:1)
  2 bog bodies (Crypt:3)
  A tengu simulacrum (Vaults:4)
  4 fire dragon zombies
  Grinder (D:5)
  6 ice dragon zombies
  A satyr zombie (Crypt:3)
  4 alligator zombies
  13 wind drakes
  Prince Ribbit (D:8)
  10 boulder beetles
  A stone giant simulacrum (Vaults:2)
  5 hydra skeletons
  13 ushabtiu
  77 slime creatures
  8 snapping turtles
  31 blink frogs
  An ettin zombie (Geh:6)
  A spriggan skeleton (Zig:6)
  4 ettin skeletons
  7 air elementals
  A yak (shapeshifter) (Depths:3)
  80 flying skulls
  2 black mamba zombies
  65 redbacks
  A spriggan (shapeshifter) (Vaults:5)
  An ice dragon skeleton (Crypt:3)
  6 fire dragon skeletons
  A spriggan simulacrum (Depths:3)
  11 shadows
  9 wraiths
  5 wyverns
  26 water elementals
  72 yaks
  23 large abominations
  3 basilisks
  2 tarantellas (shapeshifter)
  17 ynoxinuls
  3 hogs (Lair:8)
  21 tarantellas
  13 fire elementals
  A black mamba skeleton (Pan)
  3 vampires
  15 chaos spawn
  15 neqoxecs (Pan)
  10 golden eyes (Pan)
  19 vampire mosquitoes
  5 hungry ghosts
  A hog (shapeshifter) (Depths:2)
  12 hippogriffs
  A warg (shapeshifter) (Vaults:2)
  An insubstantial wisp (Lair:8)
  3 wargs
  A faun zombie (Crypt:3)
  2 mottled dragons
  Menkaure (D:7)
  A spatial vortex (Abyss:2)
  A hydra simulacrum (Hell)
  3 giant eyeballs
  35 hell hounds
  2 nagas (D:12)
  A spiny frog zombie (Hell)
  A porcupine (shapeshifter) (Vaults:5)
  3 small abominations (Abyss:1)
  15 water moccasins
  10 porcupines
  A gelid demonspawn skeleton (Tar:7)
  3 ice beasts
  A lindwurm zombie (Crypt:2)
  49 orc warriors
  2 swamp drakes (Zig:9)
  A spiny frog skeleton (Tar:5)
  2 swamp dragon zombies
  A manticore zombie (Dis:7)
  A sky beast (shapeshifter) (Vaults:5)
  The ghost of namelastname112 the Slasher, an amateur DrCK of Xom (D:3)
  3 black bears
  7 eyes of draining
  5 phantoms
  7 sky beasts
  6 wasps
  2 snapping turtle zombies
  22 necrophages
  72 ogres
  4 boggarts (Vaults:1)
  39 wolves
  35 centaurs
  An elephant skeleton (Crypt:1)
  5 snapping turtle skeletons
  14 crocodiles
  A centaur (shapeshifter) (Vaults:5)
  A hog skeleton (Crypt:2)
  24 giant frogs
  A human zombie (Vaults:4)
  12 big kobolds
  An earth elemental (D:15)
  An elf skeleton (Geh:6)
  A yaktaur skeleton (Crypt:1)
  A wyvern zombie (D:6)
  A deep troll simulacrum (Vaults:3)
  A wyvern skeleton (D:9)
  A water moccasin zombie (D:8)
  7 scorpions
  A water moccasin skeleton (Crypt:3)
  A hippogriff zombie (Crypt:3)
  An elf simulacrum (Vaults:4)
  11 killer bees (Spider:2)
  7 electric eels
  A troll skeleton (Crypt:2)
  A howler monkey (D:14)
  38 wights
  A yak skeleton (Crypt:1)
  18 crimson imps
  5 centaur zombies
  14 jellies
  A lava snake (Lair:7)
  4 quasits
  3 human simulacra
  27 iron imps
  4 hounds
  2 giant frog zombies
  39 orc priests
  Crazy Yiuf (D:7)
  27 orc wizards
  A two-headed ogre zombie (Crypt:3)
  7 centaur skeletons
  A giant frog skeleton (D:9)
  15 iguanas
  14 worker ants
  A killer bee zombie (D:6)
  2 naga zombies
  12 sheep
  An ogre zombie (Geh:1)
  An ogre skeleton (Crypt:2)
  A hound zombie (D:7)
  A hound skeleton (D:4)
  61 mummies
  2 worker ant zombies
  4 gnolls
  85 river rats
  10 adders
  9 shadow imps
  11 white imps
  4 ufetubi (IceCv)
  An ooze (Lair:6)
  3 adder skeletons
  6 worms
  6 giant geckos
  150 orcs
  A ball python (shapeshifter) (Depths:1)
  7 giant cockroaches
  5 goblins
  5 hobgoblins
  8 jackals
  3 quokkas
  6 ball pythons
  9 bats
  A bat (shapeshifter) (D:14)
  A giant gecko skeleton (Crypt:2)
  7 giant newts
  A jackal skeleton (Crypt:3)
  18 kobolds
  An orc skeleton (Crypt:1)
  A quokka skeleton (D:7)
  14 rats
  A river rat skeleton (Crypt:3)
  4 plants
  2 starspawn tentacles (Abyss:1)
  14 tentacles
4306 creatures vanquished.

Vanquished Creatures (collateral kills)
  A red devil (Geh:5)
  An iguana (Lair:4)
  A worker ant zombie (D:6)
  A gnoll (D:6)
4 creatures vanquished.

Vanquished Creatures (others)
  A Tzitzimitl (Tar:6)
  A deep elf blademaster (Elf:3)
  A deep elf master archer (Elf:3)
  An eldritch tentacle (Dis:7)
  A deep elf elementalist (Vaults:5)
  A black sun (Pan)
  A quicksilver dragon skeleton (Tomb:2)
  A merfolk aquamancer (Shoals:2)
  A centaur warrior (D:15)
  2 death scarabs
  2 skeletal warriors
  An infernal demonspawn (Pan)
  A shadow dragon zombie (Tomb:3)
  A fire giant skeleton (Geh:7)
  A gargoyle (D:15)
  An orange demon (Pan)
  A tormentor (Pan)
  A hydra zombie (Tomb:3)
  A hellwing (Pan)
  A hydra skeleton (Tomb:2)
  3 wind drakes (Pan)
  2 water elementals
  A tarantella (Spider:1)
  An air elemental (Depths:4)
  6 flying skulls (Tomb:2)
  A human (Lair:8)
  A fire elemental (Geh:5)
  3 chaos spawn (Pan)
  A soldier ant (shapeshifter) (Zig:5)
  A spiny frog zombie (Geh:7)
  2 hell hounds
  An orc warrior (Vaults:3)
  2 ogres
  A centaur (D:14)
  A crimson imp (Geh:7)
  A centaur zombie (Geh:7)
  An orc wizard (D:3)
  A lightning spire (Zig:6)
  2 mummies (Tomb:2)
  2 white imps (IceCv)
  3 ufetubi (IceCv)
  3 ball lightnings (Pan)
  A kobold (Abyss:3)
  156 eldritch tentacle segments
  7 fungi
  4 lost souls
  39 plants
  8 starspawn tentacles (Abyss:1)
  9 starspawn tentacle segments (Abyss:1)
  31 tentacles
  738 tentacle segments
1055 creatures vanquished.

Grand Total: 5365 creatures vanquished

Notes
Turn   | Place    | Note
--------------------------------------------------------------
     0 | D:1      | namelastname112 the Draconian Chaos Knight began the quest for the Orb.
     0 | D:1      | Reached XP level 1. HP: 19/19 MP: 1/1
   184 | D:1      | Reached XP level 2. HP: 26/26 MP: 2/2
   237 | D:1      | XOM: god gift: plate armour {god gift}
   279 | D:1      | XOM: harmless Ice miscast
   915 | D:2      | Reached XP level 3. HP: 13/31 MP: 3/3
  1002 | D:2      | XOM: divination: magic mapping
  1406 | D:3      | XOM: mild Trmt miscast
  1546 | D:3      | XOM: harmless Tloc miscast
  1547 | D:3      | Reached skill level 1 in Unarmed Combat
  1550 | D:3      | XOM: potion effect (invisibility)
  1556 | D:3      | Reached XP level 4. HP: 30/40 MP: 4/4
  1571 | D:3      | Noticed namelastname112's ghost (amateur DrCK)
  1583 | D:3      | XOM: potion effect (agility)
  1597 | D:3      | XOM: divination: magic mapping
  1624 | D:3      | Killed namelastname112's ghost
  1624 | D:3      | Reached skill level 2 in Unarmed Combat
  1624 | D:3      | Reached XP level 5. HP: 42/47 MP: 5/5
  1719 | D:3      | XOM: divination: detect creatures
  1764 | D:3      | Reached skill level 3 in Unarmed Combat
  1809 | D:3      | XOM: divination: magic mapping
  2031 | D:4      | Found a glowing drain.
  2058 | Sewer    | Entered a sewer
  2066 | Sewer    | Reached XP level 6. HP: 51/53 MP: 6/6
  2078 | Sewer    | XOM: divination: magic mapping
  2371 | Sewer    | XOM: mild Necr miscast
  2515 | D:4      | XOM: confuse monster(s)
  2516 | D:4      | XOM: scenery: create altars
  2557 | D:4      | Reached skill level 5 in Fighting
  2559 | D:4      | XOM: swap monsters
  2561 | D:4      | XOM: noise
  2565 | D:4      | XOM: smoke on damage
  2577 | D:3      | Reached skill level 4 in Unarmed Combat
  2853 | D:4      | XOM: give mutations
  2853 | D:4      | Gained mutation: You are dopey. (Int -2) [Xom's mischief]
  2853 | D:4      | Gained mutation: Your body sometimes deteriorates upon taking damage. [Xom's mischief]
  2853 | D:4      | Gained mutation: Your body often deteriorates upon taking damage. [Xom's mischief]
  2952 | D:4      | XOM: give mutation
  2952 | D:4      | Gained mutation: You are resistant to hostile enchantments. [Xom's mischief]
  3048 | D:4      | XOM: noise
  3050 | D:4      | XOM: confuse monster(s)
  3055 | D:4      | Your scales start taking on an icy white colour.
  3055 | D:4      | Reached XP level 7. HP: 51/61 MP: 7/7
  3055 | D:4      | Gained mutation: Your flesh is cold resistant. [White Draconian growth]
  3144 | D:4      | XOM: summons 1 hostile demon
  3324 | D:4      | XOM: god gift: 41 gold pieces
  3384 | D:4      | XOM: 9-stop teleportation journey
  3397 | D:4      | XOM: chaos cloud
  3408 | D:4      | XOM: medium Necr miscast
  3643 | D:4      | Reached skill level 5 in Unarmed Combat
  3646 | D:4      | XOM: polymorph orc wizard -> centaur
  3649 | D:4      | XOM: mild Ice miscast
  3654 | D:4      | XOM: repel stairs
  3697 | D:4      | XOM: summons 3 hostile demons
  3698 | D:4      | Noticed a ynoxinul
  3698 | D:4      | Noticed an orange demon
  3710 | D:4      | XOM: torment (19/61 hp)
  3711 | D:5      | Entered Level 5 of the Dungeon
  3730 | D:5      | XOM: harmless Fire miscast
  4052 | D:4      | XOM: enchant monster (bad)
  4425 | D:4      | Found a shadowy altar of Dithmenos.
  4485 | D:4      | XOM: destruction
  4489 | D:4      | Reached XP level 8. HP: 70/70 MP: 8/8
  4660 | D:5      | Found a blossoming altar of Fedhas.
  4715 | D:5      | Found an opulent altar of Gozag.
  4716 | D:5      | Found a sparkling altar of Nemelex Xobeh.
  4796 | D:5      | Reached skill level 6 in Unarmed Combat
  4959 | D:5      | Noticed Grinder
  5035 | D:5      | Killed Grinder
  5138 | D:5      | XOM: vitrification
  5452 | D:5      | Found a bloodstained altar of Trog.
  5539 | D:5      | Reached skill level 5 in Dodging
  5622 | D:5      | Found a radiant altar of Vehumet.
  5762 | D:6      | You fall through a shaft!
  5774 | D:6      | Found an ancient bone altar of Kikubaaqudgha.
  5774 | D:6      | Found a shimmering altar of Xom.
  5786 | D:6      | Found an iron altar of Okawaru.
  5815 | D:6      | Reached skill level 7 in Unarmed Combat
  5832 | D:6      | XOM: summons friendly quasit
  5874 | D:6      | Found an oddly glowing altar of Pakellas.
  5931 | D:6      | Found a staircase to the Ecumenical Temple.
  6205 | D:6      | XOM: vitrification
  6294 | D:6      | XOM: give mutations
  6294 | D:6      | Gained mutation: You occasionally shout uncontrollably at your foes. [Xom's mischief]
  6294 | D:6      | Gained mutation: You are robust (+10% HP). [Xom's mischief]
  6294 | D:6      | Gained mutation: You are weak. (Str -2) [Xom's mischief]
  6651 | D:6      | XOM: divination: detect creatures
  6717 | D:6      | XOM: snakes to sticks
  6779 | D:7      | Noticed Menkaure
  6783 | D:7      | XOM: noise
  6789 | D:7      | Killed Menkaure
  6789 | D:7      | Reached skill level 8 in Unarmed Combat
  6869 | D:7      | Noticed skk's ghost (novice DsFi)
  6878 | D:7      | XOM: cast spell 'Ice Form'
  6902 | D:7      | XOM: confuse monster(s)
  6907 | D:7      | XOM: harmless Air miscast
  6909 | D:7      | XOM: noise
  6915 | D:7      | HP: 4/96 [skk's ghost (16)]
  7277 | D:7      | Killed skk's ghost
  7277 | D:7      | Reached XP level 9. HP: 86/86 MP: 9/9
  7422 | D:7      | Found a shattered altar of Ashenzari.
  7590 | D:7      | XOM: harmless Conj miscast
  7730 | D:7      | XOM: harmless Conj miscast
  7818 | D:7      | Fell from the grace of Xom
  7818 | D:7      | Became a worshipper of Ashenzari the Shackled
  7969 | D:7      | Noticed Crazy Yiuf
  7978 | D:7      | Killed Crazy Yiuf
  8120 | D:8      | Reached skill level 9 in Unarmed Combat
  8315 | D:8      | Noticed Prince Ribbit
  8377 | D:8      | Killed Prince Ribbit
  8563 | D:8      | Noticed Maurice
  8674 | D:8      | Gained mutation: You have sharp toenails. [mutagenic meat]
  8675 | D:8      | Gained mutation: Your natural rate of healing is unusually fast. [mutagenic meat]
  8773 | D:8      | XOM: give mutations
  8773 | D:8      | Gained mutation: You are very weak. (Str -4) [Xom's mischief]
  8773 | D:8      | Lost mutation: You occasionally shout uncontrollably at your foes. [Xom's mischief]
  8773 | D:8      | Gained mutation: You are clumsy. (Dex -2) [Xom's mischief]
  8773 | D:8      | Lost mutation: You are clumsy. (Dex -2) [Xom's mischief]
  8971 | D:8      | Reached skill level 10 in Unarmed Combat
  9006 | D:8      | XOM: torment (46/90 hp)
  9223 | D:9      | Reached XP level 10. HP: 97/99 MP: 10/10
  9350 | D:9      | epen: Бля
  9350 | D:9      | epen: у меня бим сломался
  9350 | D:9      | xeno23: меня кароч выебли в слаймах
  9350 | D:9      | epen: лол
  9350 | D:9      | xeno23: ркорр почему то не сработал
  9350 | D:9      | epen: рояль?
  9350 | D:9      | xeno23: ну да
  9350 | D:9      | xeno23: -24 стака коррозии с ркором
  9350 | D:9      | xeno23: и зачем он нужен если нихуя не работает
  9350 | D:9      | epen: Ксено
  9350 | D:9      | epen: какой гнев у окавары?
  9350 | D:9      | wvc: ayy
  9350 | D:9      | xeno23: я даже не знаю
  9350 | D:9      | Upgraded the game from 0.18-a0-1774-gce1f7b6 to 0.18-a0-1778-gadce9fa
  9590 | D:9      | Found a basalt altar of Yredelemnul.
  9765 | D:9      | Found a staircase to the Orcish Mines.
  9799 | D:9      | Reached skill level 1 in Spellcasting
  9891 | D:9      | XOM: medium Trmt miscast
  9958 | D:9      | Gained mutation: Your tail ends in a poisonous barb. [potion of mutation]
  9958 | D:9      | Gained mutation: You are highly resistant to hostile enchantments. [potion of mutation]
 10043 | D:9      | XOM: noise
 10252 | D:9      | Reached * piety under Ashenzari
 10418 | D:9      | XOM: severe Air miscast
 10523 | D:9      | Found a staircase to the Lair.
 10560 | D:9      | Reached skill level 11 in Unarmed Combat
 10653 | D:10     | Entered Level 10 of the Dungeon
 11070 | D:10     | Learned a level 7 spell: Dragon Form
 11102 | D:10     | XOM: mild Hex miscast
 11122 | D:10     | XOM: give mutations
 11122 | D:10     | Lost mutation: Your natural rate of healing is unusually fast. [Xom's mischief]
 11122 | D:10     | Lost mutation: Your body often deteriorates upon taking damage. [Xom's mischief]
 11122 | D:10     | Gained mutation: You are clumsy. (Dex -2) [Xom's mischief]
 11325 | D:10     | XOM: stat loss: -2 Dex (9/11)
 11467 | D:10     | Noticed a manticore
 11478 | D:10     | Killed a manticore
 11478 | D:10     | Reached skill level 1 in Transmutations
 11914 | D:10     | XOM: give mutations
 11914 | D:10     | Gained mutation: You are very clumsy. (Dex -4) [Xom's mischief]
 11914 | D:10     | Gained mutation: You are very dopey. (Int -4) [Xom's mischief]
 11958 | D:11     | Reached XP level 11. HP: 100/106 MP: 15/15
 11971 | D:11     | XOM: summons 2 hostile demons
 12195 | D:11     | XOM: summons 4 hostile demons
 12621 | D:10     | XOM: give mutations
 12621 | D:10     | Lost mutation: You are highly resistant to hostile enchantments. [Xom's mischief]
 12621 | D:10     | Lost mutation: You are very dopey. (Int -4) [Xom's mischief]
 12621 | D:10     | Gained mutation: Your tail ends in a sharp poisonous barb. [Xom's mischief]
 12986 | D:11     | Noticed a red ugly thing
 13167 | D:11     | Noticed a hill giant
 13179 | D:11     | Killed a hill giant
 13505 | D:11     | Gained mutation: Your tail ends in a wickedly sharp and poisonous barb. [mutagenic meat]
 13720 | D:12     | Noticed a purple ugly thing
 13732 | D:12     | Killed a purple ugly thing
 13746 | D:12     | Killed an unseen horror
 13756 | D:11     | Lost mutation: Your body sometimes deteriorates upon taking damage. [mutagenic meat]
 13757 | D:11     | Lost mutation: Your tail ends in a wickedly sharp and poisonous barb. [mutagenic meat]
 14044 | D:12     | Found a frozen archway.
 14050 | IceCv    | Entered an ice cave
 14083 | IceCv    | XOM: give mutations
 14083 | IceCv    | Lost mutation: You are dopey. (Int -2) [Xom's mischief]
 14083 | IceCv    | Lost mutation: Your tail ends in a sharp poisonous barb. [Xom's mischief]
 14083 | IceCv    | Lost mutation: You are very clumsy. (Dex -4) [Xom's mischief]
 14084 | IceCv    | Reached skill level 12 in Unarmed Combat
 14444 | IceCv    | XOM: medium Necr miscast
 14685 | IceCv    | XOM: mild Necr miscast
 14871 | IceCv    | XOM: summons 6 hostile demons
 14957 | IceCv    | XOM: medium Ice miscast
 15199 | IceCv    | XOM: 1-stop teleportation journey
 15509 | IceCv    | XOM: 2-stop teleportation journey
 15891 | IceCv    | XOM: noise
 15891 | IceCv    | Was forgiven by Xom
 15908 | IceCv    | Reached skill level 10 in Fighting
 15930 | IceCv    | HP: 3/108 [ice devil (6)]
 16338 | IceCv    | Reached skill level 5 in Transmutations
 16653 | IceCv    | Reached skill level 1 in Shields
 17431 | D:12     | Noticed a six-headed hydra
 17736 | D:11     | epen: имя
 17736 | D:11     | epen: вы ебануты
 17736 | D:11     | namelastname112: че
 17898 | D:12     | Reached XP level 12. HP: 114/116 MP: 18/18
 18804 | D:12     | Drew Focus: Str increased to 17, Int decreased to 12
 18939 | D:12     | epen: поясни за покеласа
 19090 | D:12     | namelastname112: ну смотри
 19090 | D:12     | epen: а
 19090 | D:12     | namelastname112: он стопает мана решен
 19090 | D:12     | namelastname112: реген*
 19090 | D:12     | namelastname112: ману ты получаешь за убийства
 19090 | D:12     | epen: ага
 19090 | D:12     | namelastname112: за ману можешь перезаряжать ванды
 19090 | D:12     | namelastname112: алсо он автоматом показывает количество зарядов
 19090 | D:12     | namelastname112: в вандах
 19090 | D:12     | namelastname112: еще дарит ванды и роды
 19090 | D:12     | namelastname112: и зелья маны
 19090 | D:12     | namelastname112: короче бог эвокаций
 19364 | D:12     | Lost mutation: You are robust (+10% HP). [mutagenic meat]
 19365 | D:12     | Lost mutation: You are very weak. (Str -4) [mutagenic meat]
 19366 | D:12     | Gained mutation: You have razor-sharp toenails. [mutagenic meat]
 19596 | D:13     | Lost mutation: You are clumsy. (Dex -2) [mutagenic meat]
 19597 | D:13     | Gained mutation: Your skin changes colour to match your surroundings (Stealth). [mutagenic meat]
 19598 | D:13     | Gained mutation: You are highly resistant to hostile enchantments. [mutagenic meat]
 19936 | D:13     | Reached skill level 5 in Spellcasting
 21153 | D:14     | Noticed a five-headed hydra
 21392 | D:14     | Noticed a centaur warrior
 21398 | D:14     | Noticed a catoblepas
 21399 | D:14     | Killed a centaur warrior
 21909 | D:14     | Found a gate to the Vaults.
 21916 | D:14     | Reached XP level 13. HP: 90/114 MP: 21/21
 22637 | D:14     | Reached ** piety under Ashenzari
 22666 | D:14     | epen: Лол
 22698 | D:14     | epen: ты джунгли зачистил уже*
 22700 | D:14     | epen: ?*
 22729 | D:13     | namelastname112: нет
 22890 | D:13     | epen: поехавший
 23311 | D:13     | namelastname112: пиздец, там шадоу враз
 23311 | D:13     | namelastname112: @??shadow wrath
 23311 | D:13     | beem: unknown monster: "shadow wrath"
 23311 | D:13     | namelastname112: как его зовут блять
 23311 | D:13     | namelastname112: ?/wrath
 23311 | D:13     | beem: Matching terms (50): ash_wrath, ashenzari_wrath, beogh_wrath, chei_wrath, cheibriados_wrath, chokowaru_wrath, dith_wrath, dithmenos_wrath, ely_wrath, elyvilon_wrath, fedhas_wrath, gozag_wrath, hepliaklqana_wrath, holy_wrath, jiyva_wrath, kiku_wrath, kikubaaqudgha_wrath, lucy_wrath, lugonu_wrath, makh_wrath, makhleb_wrath, moth_of_wrath, nemelex_wrath, nemelex_xobeh_wrath, oka_wrath, okawaru_wrat...
 23311 | D:13     | namelastname112: а
 23311 | D:13     | namelastname112: @??shadow wraith
 23311 | D:13     | beem: shadow wraith (W)
                  | Spd:
    10 | HD: 10   | HP: 47-63
                  | AC/EV: 7/7
                  | Dam: 27(drain speed)
                  | undead, doors, evil, see invisible, fly, unbreathing
                  | Res: magic(100), poison+++, drown, rot+++, neg+++, torm, napalm
                  | Vul: holy++
                  | XP:
   773 | Sz: Medium | Int: human.
 23311 | D:13     | namelastname112: 27
 23311 | D:13     | namelastname112: ебанись
 23311 | D:13     | epen: @??shadow wraith
 23311 | D:13     | beem: shadow wraith (W)
                  | Spd:
    10 | HD: 10   | HP: 47-63
                  | AC/EV: 7/7
                  | Dam: 27(drain speed)
                  | undead, doors, evil, see invisible, fly, unbreathing
                  | Res: magic(100), poison+++, drown, rot+++, neg+++, torm, napalm
                  | Vul: holy++
                  | XP:
   773 | Sz: Medium | Int: human.
 23568 | D:15     | Entered Level 15 of the Dungeon
 23737 | D:11     | epen: @??butterfly
 23767 | D:10     | beem: butterfly (b)
                  | Spd:
    25 | HD: 1    | HP: 1-2
                  | AC/EV: 0/25
                  | fly
                  | Res: magic(10)
                  | Vul: poison
                  | XP:
     0 | Sz: tiny | Int: brainless.
 23790 | Orc:1    | Entered Level 1 of the Orcish Mines
 23845 | Orc:1    | namelastname112: ??butterfly
 23845 | Orc:1    | beem: butterfly[1/9]: A deadly crawl monster only surpassed by the Toenail Golem. FLEE FOR YOUR LIFE IF YOU SEE ONE! Shoots hellfire from its proboscis and has an irresistible paralyze attack. Has been known to dual wield quick blades of distortion. Also reported being smiting!
 23999 | Orc:1    | Found a roughly hewn altar of Beogh.
 24049 | Orc:1    | epen: cerf
 24375 | Orc:1    | epen: вот ненавижу этих зел1ных пидооров
 24381 | Orc:1    | Reached skill level 10 in Dodging
 24452 | Orc:1    | epen: особенно на начальных этапах
 24497 | Orc:1    | epen: @??hungry ghost
 24500 | Orc:1    | beem: hungry ghost (W)
                  | Spd:
    10 | HD: 7    | HP: 33-44
                  | AC/EV: 0/17
                  | Dam: 5(hunger)
                  | undead, doors, evil, see invisible, fly, unbreathing
                  | Res: magic(40), cold++, poison+++, drown, rot+++, neg+++, torm, napalm
                  | Vul: holy++
                  | XP:
   184 | Sz: Medium | Int: human.
 24500 | Orc:1    | namelastname112: да
 24500 | Orc:1    | namelastname112: они конченые
 24543 | Orc:1    | Noticed a stone giant
 24605 | Orc:2    | Entered Level 2 of the Orcish Mines
 24978 | Orc:2    | Noticed an ettin
 25147 | Lair:1   | Entered Level 1 of the Lair of Beasts
 25228 | Lair:1   | epen: Знаешь
 25519 | Lair:1   | epen: я ненавижу концовку с носорогами, болотами и сприганами
 25624 | Lair:1   | epen: там даже не то чтобы раздражают пидоры
 25624 | Lair:1   | namelastname112: какими нахуй носорогами
 25624 | Lair:1   | namelastname112: лол
 25624 | Lair:1   | epen: там просто даже дропа нет
 25632 | Lair:1   | epen: ну
 25633 | Lair:1   | epen: бля
 25848 | Lair:1   | epen: там слоны
 25951 | Lair:1   | epen: и носороги
 26042 | Lair:1   | Reached skill level 10 in Transmutations
 26043 | Lair:1   | namelastname112: всратый данил
 26043 | Lair:1   | namelastname112: в игре нет носорогов
 26049 | Lair:1   | epen: бля
 26293 | Lair:1   | epen: который плюёт в тебя дымом
 26308 | Lair:1   | epen: и ты камнем становишься
 26312 | Lair:1   | namelastname112: катоблепасы
 26339 | Lair:1   | epen: а
 26345 | Lair:1   | epen: короче
 26462 | Lair:1   | epen: я у тебя вчера спрашивал
 26477 | Lair:1   | epen: а ты, пидор, опять уснул
 26618 | Lair:1   | epen: какой гнев у окавары?
 26628 | Lair:1   | Reached *** piety under Ashenzari
 26649 | Lair:1   | namelastname112: очень хуевый
 26649 | Lair:1   | epen: атрибуты херит?
 26649 | Lair:1   | namelastname112: один из самых стремных
 26649 | Lair:1   | namelastname112: ??okawaru wrath
 26649 | Lair:1   | beem: okawaru wrath[1/3]: ABANDONMENT: 25 penance. RETRIBUTION: 1+XL/5 punishers, chosen from a list of various powerful humanoids and giants that scale with your XL. See {Okawaru Wrath[2]} for a full list.
 26775 | Lair:1   | namelastname112: короче
 26775 | Lair:1   | namelastname112: кидает на тебя десант
 26775 | Lair:1   | namelastname112: как трог
 26775 | Lair:1   | namelastname112: только если у трога всякая хуйня в берсе
 26775 | Lair:1   | namelastname112: то у окавары просто мобы
 26775 | Lair:1   | namelastname112: ща
 26775 | Lair:1   | namelastname112: ??okawaru wrath [2
 26775 | Lair:1   | beem: okawaru wrath[2/3]: Orc, Gnoll, Ogre, Gnoll Sergeant, Two-Headed Ogre, Orc Warrior, Orc Knight, Hill Giant, Cyclops, Centaur Warrior, Naga Warrior, Tengu Warrior, Merfolk Impaler, Javelineer, Minotaur, Stone Giant, Deep Elf Knight, Orc Warlord, Fire Giant, Frost Giant, Deep Elf Blademaster, Deep Elf Master Archer, Draconian and Titan.
 26775 | Lair:1   | namelastname112: вот эти
 26829 | Lair:1   | epen: сука
 26986 | Lair:2   | epen: дип эльф мастер арчер?
 27188 | Lair:2   | namelastname112: твой любимый
 27230 | Lair:2   | epen: хорошо хоть железных гигантов нет
 28453 | Lair:3   | Found a dark tunnel.
 28458 | Volcano  | Entered a volcano
 29155 | Lair:3   | Noticed Gastronok
 29156 | Lair:3   | Reached **** piety under Ashenzari
 29203 | Lair:3   | Killed Gastronok
 29203 | Lair:3   | Reached XP level 14. HP: 122/122 MP: 13/26
 29270 | Lair:3   | Found a hole to the Spider Nest.
 30256 | Lair:4   | Identified a scroll of acquirement
 30261 | Lair:4   | Identified a -3 rod of ignition (11/11) (You found it on level 4 of the Lair of Beasts)
 30869 | Lair:4   | epen: Короче
 30895 | Lair:5   | epen: хочу концовку с гидрами
 31003 | Lair:5   | Learned a level 3 spell: Regeneration
 31034 | Lair:5   | namelastname112: а по ебалу за такие идеи не хочешь?
 31090 | Lair:5   | epen: лол
 31208 | Lair:5   | Identified the ring of Descent {rF+ rC++ rN+ Str-5 Slay+3}
 31226 | Lair:5   | namelastname112: ебись я в анус
 31226 | Lair:5   | epen: Было бы забавно дать огенному шару берсу
 31226 | Lair:5   | namelastname112: вот это колечко
 31226 | Lair:5   | epen: я бы посмотрел на это
 31430 | Lair:5   | Reached ***** piety under Ashenzari
 31431 | Lair:5   | namelastname112: не
 31431 | Lair:5   | namelastname112: они нон-ливинг
 31431 | Lair:5   | namelastname112: им нельзя берсу
 31509 | Lair:6   | Found a staircase to the Slime Pits.
 31555 | Lair:6   | Reached skill level 13 in Unarmed Combat
 31822 | Lair:6   | Reached skill level 1 in Charms
 32085 | Lair:6   | Found a staircase to the Shoals.
 32526 | Lair:7   | epen: Кстати
 32557 | Lair:7   | Reached XP level 15. HP: 129/129 MP: 28/28
 32563 | Lair:7   | epen: я убил dragun'а
 32573 | Lair:7   | epen: а ты?
 32584 | Lair:7   | namelastname112: я его не видел даже
 33190 | Lair:8   | Entered Level 8 of the Lair of Beasts
 33375 | Lair:8   | Noticed Kirke
 33381 | Lair:8   | Killed Kirke
 34006 | Lair:8   | Found a bloodstained altar of Trog.
 34374 | Lair:1   | Learned a level 2 spell: Passwall
 34377 | Lair:1   | Learned a level 2 spell: Blink
 34380 | Lair:1   | Learned a level 2 spell: Repel Missiles
 34890 | Orc:2    | Found a staircase to the Elven Halls.
 35016 | Orc:2    | Reached ****** piety under Ashenzari
 35043 | Orc:2    | Found Guqenoevvi's Assorted Antiques.
 35176 | Orc:2    | Noticed an orc warlord
 35187 | Orc:2    | Killed an orc warlord
 35324 | Orc:2    | Found Tani's Distillery.
 35419 | Orc:2    | Bought a potion of heal wounds for 90 gold pieces
 35455 | Orc:2    | Found a roughly hewn altar of Beogh.
 35621 | Orc:2    | Found a roughly hewn altar of Beogh.
 35710 | Orc:2    | Reached skill level 14 in Unarmed Combat
 35711 | Orc:2    | Found Gagyziss's Antique Weapon Boutique.
 35721 | Orc:2    | Found Rinedd's Food Shop.
 35725 | Orc:2    | Reached skill level 10 in Spellcasting
 35941 | Orc:2    | namelastname112: кстати
 35941 | Orc:2    | namelastname112: даня
 35941 | Orc:2    | namelastname112: ты тут?
 36013 | Elf:1    | Entered Level 1 of the Elven Halls
 36342 | Elf:1    | Noticed a deep elf sorcerer
 36348 | Elf:1    | Killed a deep elf sorcerer
 36352 | Elf:1    | Reached XP level 16. HP: 139/139 MP: 24/30
 37350 | Elf:1    | Found a portal to a secret trove of treasure.
 37740 | Elf:2    | Reached skill level 5 in Charms
 37916 | Elf:2    | Found a runed door.
 37939 | Elf:2    | Found a runed door.
 38228 | Elf:3    | Entered Level 3 of the Elven Halls
 38385 | Elf:3    | Reached skill level 15 in Unarmed Combat
 38998 | Elf:3    | Noticed a deep elf blademaster
 38998 | Elf:3    | Noticed a deep elf blademaster
 38998 | Elf:3    | Noticed a deep elf blademaster
 38998 | Elf:3    | Noticed a deep elf master archer
 39008 | Elf:3    | Killed a deep elf blademaster
 39019 | Elf:3    | Killed a deep elf blademaster
 39019 | Elf:3    | Reached XP level 17. HP: 148/148 MP: 28/31
 39027 | Elf:3    | Killed a deep elf blademaster
 39044 | Elf:3    | Killed a deep elf master archer
 39413 | Elf:3    | Identified the Almanac of the Enchanting Compass
 39416 | Elf:3    | Learned a level 1 spell: Apportation
 39451 | Elf:3    | Noticed a deep elf master archer
 39451 | Elf:3    | Noticed a deep elf master archer
 39453 | Elf:3    | Noticed a deep elf blademaster
 39453 | Elf:3    | Noticed a deep elf blademaster
 39459 | Elf:3    | Identified the amulet "Otec" {Faith rF- Dex+4 SInv}
 39464 | Elf:3    | Killed a deep elf blademaster
 39466 | Elf:3    | Killed a deep elf master archer
 39469 | Elf:3    | Killed a deep elf blademaster
 39471 | Elf:3    | Killed a deep elf master archer
 39644 | Elf:3    | Identified a +1 pair of boots of running (You found it on level 3 of the Elven Halls)
 39645 | Elf:3    | Identified a +2 pair of boots of running (You found it on level 3 of the Elven Halls)
 40419 | D:15     | Found a sacrificial altar of Ru.
 40736 | D:15     | Found a staircase to the Depths.
 40953 | D:15     | Reached XP level 18. HP: 158/158 MP: 26/33
 41488 | Shoals:1 | Entered Level 1 of the Shoals
 41495 | Shoals:1 | Reached skill level 16 in Unarmed Combat
 42060 | Elf:1    | You paid a toll of 19 scrolls of identify to enter a treasure trove
 42061 | Trove    | Entered a treasure trove
 42061 | Trove    | Identified the cursed amulet of Athrobrapn {Spirit rN+ MR+ Int+3}
 42061 | Trove    | Identified the cursed ring of Sohyblaa {rPois Str+4 SInv}
 42061 | Trove    | Identified the ring of Zoram {SustAt rC+ Int+4 Dex+3}
 43261 | Shoals:2 | Reached skill level 15 in Transmutations
 43592 | Shoals:3 | Reached skill level 15 in Dodging
 44247 | Shoals:4 | Entered Level 4 of the Shoals
 44247 | Shoals:4 | Noticed Ilsuiw
 44259 | Shoals:4 | Killed Ilsuiw
 44381 | Shoals:3 | namelastname112: @??merfolk aquamancer
 44381 | Shoals:3 | beem: merfolk aquamancer (m)
                  | Spd: 10 (swim: 60%)
                  | HD: 14
                  | HP: 51-72
                  | AC/EV: 2/12
                  | Dam: 15
                  | weapons, items, doors, amphibious, spellcaster, see invisible
                  | Res: magic(80), drown
                  | XP: 909
                  | Sp: primal wave (3d20), steam ball (3d18), throw icicle (3d23), blink [emergency]
                  | Sz: Medium
                  | Int: human.
 44925 | Shoals:4 | Found Amei's Armour Emporium.
 44929 | Shoals:4 | Bought a +2 pair of gloves of dexterity for 365 gold pieces
 45042 | Shoals:4 | Reached XP level 19. HP: 167/167 MP: 31/34
 45250 | Shoals:4 | Got a barnacled rune of Zot
 45284 | Shoals:4 | Found Xoypp's Magic Scroll Shoppe.
 45284 | Shoals:4 | Found Yntan's Book Shoppe.
 45297 | Shoals:4 | Found Faxaf's Assorted Antiques.
 45325 | Shoals:4 | Bought a pair of dazzling gloves for 370 gold pieces
 45397 | Shoals:4 | Found Ufootaov's General Store.
 46312 | Vaults:1 | Entered Level 1 of the Vaults
 46368 | Vaults:1 | Reached skill level 17 in Unarmed Combat
 46555 | Vaults:1 | Found a magical portal.
 46564 | WizLab   | Entered The Hall of Rokupela the Hellbinder
 46884 | WizLab   | Noticed Rokupela
 46904 | WizLab   | Killed Rokupela the Hellbinder
 46908 | WizLab   | Found a burning altar of Makhleb.
 46947 | WizLab   | Identified the Tome of Calling
 46966 | WizLab   | Identified a +4 rod of shadows (13/13) (You found it in a wizard's laboratory)
 47078 | Vaults:1 | Identified the +4 pair of gloves of the Leaf {-Cast rC+ Slay+3} (You bought it in a shop on level 4 of the Shoals)
 48197 | Vaults:2 | Found a flickering gateway to a bazaar.
 48214 | Bazaar   | Entered a bazaar
 48214 | Bazaar   | Found Oliteceg's Food Emporium.
 48214 | Bazaar   | Found Omamyone's Food Emporium.
 48230 | Bazaar   | Found Caar Emp's Assorted Antiques.
 48237 | Bazaar   | Bought a potion of heal wounds for 200 gold pieces
 48238 | Bazaar   | Found Okhal's Gadget Emporium.
 48241 | Bazaar   | Found Yrrievont's Assorted Antiques.
 48249 | Bazaar   | Bought a worn ivory wand for 76 gold pieces
 48500 | Vaults:2 | Reached XP level 20. HP: 177/177 MP: 29/36
 49293 | Vaults:2 | Reached skill level 15 in Fighting
 49293 | Vaults:2 | Reached skill level 18 in Unarmed Combat
 49570 | Vaults:3 | Found Teimups's Food Shop.
 49910 | Vaults:3 | Found a staircase to the Crypt.
 49936 | Vaults:3 | Found Xoolevia's Antique Weapon Emporium.
 49977 | Vaults:3 | Found Jutwigho's Book Emporium.
 51004 | Vaults:4 | Found Guugaun's Gadget Emporium.
 51010 | Vaults:4 | Bought a wand of teleportation (5/9) for 270 gold pieces
 51099 | Vaults:4 | Reached skill level 10 in Charms
 51938 | Spider:1 | Entered Level 1 of the Spider Nest
 51938 | Spider:1 | Noticed Aizul
 51953 | Lair:3   | Reached XP level 21. HP: 185/185 MP: 38/38
 51961 | Lair:3   | Killed Aizul
 52260 | Spider:1 | Noticed Frances
 52271 | Spider:1 | Killed Frances
 52496 | Spider:2 | Noticed Donald
 52502 | Spider:2 | Wingboner: >белый
 52504 | Spider:2 | Killed Donald
 52527 | Spider:2 | Wingboner: >в форме дракон
 52654 | Spider:2 | Wingboner: rF нинужен!!11
 52944 | Spider:2 | xeno23: пиздец я вчера соснул на рояле
 53204 | Spider:2 | xeno23: зачем нужен ркорр если он ни х рена не работает
 53204 | Spider:2 | namelastname112: че там было
 53354 | Spider:3 | xeno23: ну че, рояль и один блом накинули мне 24 стэка коррозии
 53391 | Spider:3 | xeno23: блоб
 53783 | Spider:4 | Entered Level 4 of the Spider Nest
 53810 | Spider:4 | Reached skill level 19 in Unarmed Combat
 54003 | Spider:4 | namelastname112: ну ты бы того
 54003 | Spider:4 | namelastname112: теле
 54003 | Spider:4 | namelastname112: вся хуйня
 54266 | Spider:4 | xeno23: ну я под берсом был
 54267 | Spider:4 | Gained mutation: You evolve. [potion of beneficial mutation]
 54528 | Spider:4 | Got a gossamer rune of Zot
 54832 | Lair:3   | namelastname112: ну молодец
 54952 | Shoals:4 | Identified the +4 pair of gloves of the Leaf {-Cast rC+ Slay+3} (You bought it in a shop on level 4 of the Shoals)
 54967 | Shoals:4 | Bought a book of Transfigurations for 1155 gold pieces
 54974 | Shoals:4 | Learned a level 6 spell: Statue Form
 55443 | Vaults:5 | Entered Level 5 of the Vaults
 55447 | Vaults:5 | Identified the amulet "Purear" {Spirit rElec MP+9 Str+4}
 55448 | Vaults:5 | Identified the Incunabulum of Lucky Snow
 55476 | Vaults:5 | Identified the Catalogue of the Voyage
 55481 | Vaults:5 | Identified Plog's Disquisition on Translocation and Shape Shifting (You found it on level 5 of the Vaults)
 55501 | Vaults:5 | Learned a level 6 spell: Haste
 55599 | Vaults:5 | Reached skill level 1 in Earth Magic
 55601 | Vaults:5 | Noticed a golden dragon
 55636 | Vaults:5 | Killed a golden dragon
 55854 | Vaults:5 | Reached XP level 22. HP: 187/195 MP: 32/39
 56221 | Vaults:5 | Wingboner: XL: 1 Next: 160%
 56229 | Vaults:5 | Noticed an ancient lich
 56235 | Vaults:5 | Killed an ancient lich
 56283 | Vaults:5 | Wingboner: Змейка на д1. Убил, экспой завалило.
 56339 | Vaults:5 | namelastname112: приятности
 56593 | Vaults:5 | Reached skill level 20 in Unarmed Combat
 56725 | Vaults:5 | Got a silver rune of Zot
 57270 | Vaults:5 | Reached skill level 5 in Earth Magic
 57461 | Vaults:5 | Noticed an ancient lich
 57468 | Vaults:5 | Killed an ancient lich
 57468 | Vaults:5 | Reached XP level 23. HP: 204/204 MP: 33/41
 57786 | Vaults:3 | Lost mutation: You are weak. (Str -2) [evolution]
 58168 | Slime:1  | Entered Level 1 of the Pits of Slime
 58891 | Slime:6  | Entered Level 6 of the Pits of Slime
 58920 | Slime:6  | Gained mutation: Scrolls take you a little longer to read. [a shining eye]
 58921 | Slime:6  | Gained mutation: You are weak. (Str -2) [a shining eye]
 58942 | Slime:6  | Noticed the Royal Jelly
 58958 | Slime:6  | Killed the Royal Jelly
 58963 | Slime:6  | Paralysed by a giant eyeball for 4 turns
 59003 | Slime:6  | Wingboner: Огр, ни разу не промахнувшийся по 24 EV, это обидно.
 59022 | Slime:6  | Identified the cursed +1 pair of boots of the Tick {rElec Dex+4} (You acquired it on level 6 of the Pits of Slime)
 59191 | Slime:6  | Got a slimy rune of Zot
 59207 | Slime:6  | Identified a +7 rod of ignition (14/14) (You found it on level 6 of the Pits of Slime)
 59218 | Slime:6  | Learned a level 6 spell: Deflect Missiles
 59483 | D:9      | Learned a level 5 spell: Silence
 59670 | Crypt:1  | Entered Level 1 of the Crypt
 59675 | Crypt:1  | Reached skill level 1 in Air Magic
 59774 | Crypt:1  | Reached skill level 1 in Evocations
 59889 | Crypt:1  | Noticed Sojobo
 59983 | Crypt:1  | Killed Sojobo
 61060 | Crypt:2  | Reached skill level 21 in Unarmed Combat
 61437 | Crypt:3  | Entered Level 3 of the Crypt
 61653 | Crypt:3  | Noticed Xtahua
 61665 | Crypt:3  | Killed Xtahua
 61693 | Crypt:3  | Reached XP level 24. HP: 214/214 MP: 41/41
 61716 | Crypt:3  | Noticed an ancient lich
 61718 | Crypt:3  | Paralysed by an ancient lich for 5 turns
 61726 | Crypt:3  | Killed an ancient lich
 61726 | Crypt:3  | Reached skill level 5 in Air Magic
 61971 | Crypt:3  | Found a basalt altar of Yredelemnul.
 61984 | Crypt:3  | Found an ancient bone altar of Kikubaaqudgha.
 62047 | Crypt:3  | Identified the Incunabulum of Stolen Souls
 62174 | Crypt:3  | Noticed Wiglaf
 62196 | Crypt:3  | Killed Wiglaf
 62201 | Crypt:3  | Killed the ghostly Wiglaf
 62671 | Crypt:3  | Found a staircase to the Tomb.
 62677 | Tomb:1   | Entered Level 1 of the Tomb of the Ancients
 62765 | Tomb:1   | Reached skill level 5 in Evocations
 62817 | Tomb:1   | Noticed a greater mummy
 62828 | Tomb:1   | Killed a greater mummy
 63294 | Tomb:1   | Noticed a greater mummy
 63308 | Tomb:1   | Killed a greater mummy
 63375 | Tomb:1   | Reached skill level 1 in Hexes
 63389 | Tomb:1   | Noticed a greater mummy
 63402 | Tomb:1   | Killed a greater mummy
 63664 | Tomb:2   | Noticed Frederick
 63668 | Tomb:2   | Noticed a greater mummy
 63668 | Tomb:2   | Noticed a greater mummy
 63668 | Tomb:2   | Noticed a greater mummy
 63668 | Tomb:2   | Noticed a greater mummy
 63676 | Tomb:1   | Killed Frederick
 63960 | Tomb:1   | Killed a greater mummy
 63966 | Tomb:1   | Killed a greater mummy
 64341 | Tomb:2   | Killed a greater mummy
 64349 | Tomb:1   | Reached XP level 25. HP: 222/222 MP: 27/41
 64476 | Tomb:2   | Killed a greater mummy
 64667 | Tomb:2   | Noticed Khufu
 64669 | Tomb:2   | Noticed a greater mummy
 64671 | Tomb:2   | Noticed a greater mummy
 64918 | Tomb:2   | Killed a greater mummy
 64926 | Tomb:1   | Killed a greater mummy
 65254 | Tomb:2   | Killed Khufu
 65254 | Tomb:2   | Reached skill level 22 in Unarmed Combat
 65497 | Tomb:2   | Noticed Mara
 65537 | Tomb:1   | Noticed a greater mummy
 65537 | Tomb:1   | Noticed a greater mummy
 65537 | Tomb:1   | Noticed a greater mummy
 65538 | Tomb:1   | Noticed a greater mummy
 65545 | Tomb:1   | Killed a greater mummy
 65551 | Tomb:1   | Killed a greater mummy
 65558 | Tomb:1   | Killed a greater mummy
 65563 | Tomb:1   | Killed a greater mummy
 65563 | Tomb:1   | Reached skill level 5 in Hexes
 65569 | Tomb:1   | Noticed a greater mummy
 65666 | Tomb:1   | Killed a greater mummy
 65682 | Tomb:1   | Noticed a greater mummy
 65687 | Tomb:1   | Killed a greater mummy
 65693 | Tomb:1   | Noticed a greater mummy
 65698 | Tomb:1   | Killed a greater mummy
 65822 | Tomb:1   | Noticed a greater mummy
 65832 | Tomb:1   | Killed a greater mummy
 65832 | Tomb:1   | Reached skill level 10 in Air Magic
 65854 | Tomb:1   | Noticed a greater mummy
 65858 | Tomb:1   | Noticed a greater mummy
 65866 | Tomb:1   | Killed a greater mummy
 65876 | Tomb:1   | Killed a greater mummy
 66117 | Tomb:1   | Noticed a greater mummy
 66131 | Tomb:1   | Killed a greater mummy
 66289 | Tomb:1   | Noticed a greater mummy
 66299 | Tomb:1   | Killed a greater mummy
 66383 | Tomb:1   | Noticed a greater mummy
 66394 | Tomb:1   | Killed a greater mummy
 66436 | Tomb:2   | namelastname112: @??mara
 66436 | Tomb:2   | beem: Mara (R)
                  | Spd:
    10 | HD: 18   | HP: 117-169
                  | AC/EV: 12/14
                  | Dam: 30
                  | demonic, weapons, items, doors, unholy, see invisible
                  | Res: magic(140), fire++, poison, rot, neg+++, torm
                  | Vul: holy++
                  | XP: 8024
                  | Sp: blink [!sil], b.fire (3d27) [!sil], mara summon [!sil], sum.illusion [!sil], pain (d17) [!sil]
                  | Sz: Medium
                  | Int: human.
 66443 | Tomb:2   | Noticed namelastname112's illusion
 66454 | Tomb:1   | Killed Mara
 66618 | Tomb:3   | Entered Level 3 of the Tomb of the Ancients
 66669 | Tomb:3   | Noticed a greater mummy
 66677 | Tomb:3   | Noticed a greater mummy
 66677 | Tomb:3   | Noticed a greater mummy
 66850 | Tomb:3   | Noticed a greater mummy
 66851 | Tomb:3   | Noticed a greater mummy
 66852 | Tomb:3   | Noticed a greater mummy
 67181 | Tomb:2   | Killed a greater mummy
 67181 | Tomb:2   | Reached XP level 26. HP: 232/232 MP: 30/41
 67359 | Tomb:3   | Noticed a greater mummy
 67617 | Tomb:3   | Noticed a greater mummy
 67624 | Tomb:2   | Killed a greater mummy
 67654 | Tomb:2   | Killed a greater mummy
 67910 | Tomb:2   | Killed a greater mummy
 67915 | Tomb:2   | Killed a greater mummy
 68228 | Tomb:2   | Killed a greater mummy
 68233 | Tomb:2   | Killed a greater mummy
 68423 | Tomb:3   | Killed a greater mummy
 68479 | Tomb:3   | Noticed a greater mummy
 68493 | Tomb:3   | Killed a greater mummy
 69017 | Tomb:3   | Identified the amulet of Mamp {Dismiss rN+ Dex+5 SInv}
 69165 | Tomb:3   | Got a golden rune of Zot
 69220 | Tomb:3   | Identified the +2 helmet "Hyzuot" {rN+ Dex-2 Slay+6 Stlth+}
 70009 | Zig:1    | Entered Level 1 of a ziggurat
 70031 | Zig:2    | Entered Level 2 of a ziggurat
 70119 | Zig:3    | Entered Level 3 of a ziggurat
 70155 | Zig:4    | Entered Level 4 of a ziggurat
 70204 | Zig:5    | Entered Level 5 of a ziggurat
 70236 | Zig:5    | Paralysed by a chaos spawn for 4 turns
 70264 | Zig:5    | Reached skill level 1 in Translocations
 70275 | Zig:5    | Identified the Almanac of Hexes and Creation
 70281 | Zig:5    | Reached skill level 23 in Unarmed Combat
 70281 | Zig:5    | Reached XP level 27. HP: 160/240 MP: 37/41
 70442 | Zig:6    | Entered Level 6 of a ziggurat
 70610 | Zig:6    | Lost mutation: You are weak. (Str -2) [potion of cure mutation]
 70610 | Zig:6    | Lost mutation: Scrolls take you a little longer to read. [potion of cure mutation]
 70610 | Zig:6    | Lost mutation: You have razor-sharp toenails. [potion of cure mutation]
 70610 | Zig:6    | Lost mutation: Your tail ends in a poisonous barb. [potion of cure mutation]
 70610 | Zig:6    | Lost mutation: You are highly resistant to hostile enchantments. [potion of cure mutation]
 70610 | Zig:6    | Lost mutation: You evolve. [potion of cure mutation]
 70619 | Zig:7    | Entered Level 7 of a ziggurat
 70624 | Zig:7    | Identified the ring of Fagoy {Fire MR+}
 70681 | Zig:7    | Identified Moryjo Ith's Incunabulum of Aerial Dark Magic
 70695 | Zig:8    | Entered Level 8 of a ziggurat
 70824 | Zig:9    | Entered Level 9 of a ziggurat
 70831 | Zig:9    | Identified the +2 helmet of Magic {rElec rF+ Str-5}
 70831 | Zig:9    | Identified the ring of Nunnyele {rPois MR+ Int+8 SInv}
 70887 | Zig:9    | Identified the cursed +0 pair of boots "Oviozyqa" {rC+} (You acquired it on level 9 of a ziggurat)
 70909 | Zig:9    | Learned a level 8 spell: Controlled Blink
 70945 | Zig:10   | Entered Level 10 of a ziggurat
 70953 | Zig:10   | Identified the ring "Hiom" {Ice Fragile rElec rPois MR++}
 71226 | Depths:1 | Entered Level 1 of the Depths
 71283 | Depths:1 | Noticed Saint Roka
 71299 | Depths:1 | Killed Saint Roka
 71424 | Depths:1 | Found a gateway to Hell.
 71585 | Depths:1 | Reached skill level 10 in Translocations
 71951 | Depths:2 | Identified the ring of Luliv {rPois MR+ Str-3 Dex+4 SInv}
 72168 | Depths:2 | Noticed Norris
 72184 | Depths:2 | Killed Norris
 72702 | Depths:3 | Found a one-way gate leading to the halls of Pandemonium.
 73245 | Depths:3 | Noticed a juggernaut
 73246 | Depths:3 | Reached skill level 24 in Unarmed Combat
 73928 | Depths:3 | Found a one-way gate to the infinite horrors of the Abyss.
 74003 | Depths:3 | Killed a juggernaut
 74575 | Depths:4 | Reached skill level 15 in Translocations
 74588 | Depths:4 | Identified the ring "Zorideh" {+Inv rElec rF+++ MR+ Dex-3} (You took it off a deep elf annihilator on level 4 of the Depths)
 75374 | Depths:5 | Entered Level 5 of the Depths
 75516 | Depths:5 | Found a gateway to a ziggurat.
 75922 | Depths:5 | Noticed Mennas
 75938 | Depths:5 | Killed Mennas
 76007 | Depths:5 | Found a gate to the Realm of Zot.
 76179 | Depths:5 | Noticed a juggernaut
 76184 | Depths:5 | Killed a juggernaut
 76290 | Hell     | Entered the Vestibule of Hell
 76290 | Hell     | Noticed Geryon
 76310 | Hell     | Killed Geryon
 76424 | Hell     | Found a gateway to the decaying netherworld of Tartarus.
 76476 | Hell     | Found a gateway to the ashen valley of Gehenna.
 76597 | Hell     | Found a gateway to the freezing wastes of Cocytus.
 76691 | Hell     | Found a gateway to the Iron City of Dis.
 76903 | Depths:3 | Voluntarily entered the Abyss.
 77478 | Abyss:2  | Found a corrupted altar of Lugonu.
 77516 | Abyss:3  | Found a corrupted altar of Lugonu.
 77648 | Abyss:3  | Got an abyssal rune of Zot
 77687 | Abyss:3  | Found a corrupted altar of Lugonu.
 77727 | Depths:3 | Escaped the Abyss
 77731 | Depths:3 | Upgraded the game from 0.18-a0-1778-gadce9fa to 0.18-a0-1782-gb76a692
 77772 | Pan      | Entered Pandemonium
 77836 | Pan      | Gained mutation: You occasionally shout uncontrollably at your foes. [a neqoxec]
 77872 | Pan      | Noticed Aclab the pandemonium lord
 77901 | Pan      | Killed Aclab the pandemonium lord
 77998 | Pan      | Noticed Mahock the pandemonium lord
 78030 | Pan      | Found an exit through the horrors of the Abyss.
 78086 | Pan      | Reached skill level 25 in Unarmed Combat
 78114 | Pan      | Killed Mahock the pandemonium lord
 78143 | Pan      | epen: @??mahock
 78146 | Pan      | beem: unknown monster: "mahock"
 78158 | Pan      | Entered the realm of Cerebov.
 78404 | Pan      | Identified Gyarih's Disquisition on the Mutagenic Glacier
 78597 | Pan      | Noticed Cerebov
 78607 | Pan      | Identified the amulet "Duad" {Dismiss rElec MR+ Int-2 Dex+3}
 78607 | Pan      | Identified a +2 pair of boots of running
 78662 | Pan      | Identified the Disquisition on Doomed Good Luck
 78766 | Pan      | Killed Cerebov
 78766 | Pan      | Reached skill level 5 in Shields
 78822 | Pan      | Got a fiery rune of Zot
 78924 | Pan      | Noticed Mamoeskin the pandemonium lord
 78933 | Pan      | Killed Mamoeskin the pandemonium lord
 79056 | Pan      | Found an exit through the horrors of the Abyss.
 79060 | Pan      | Noticed Litec the pandemonium lord
 79075 | Pan      | Killed Litec the pandemonium lord
 79114 | Pan      | Found an exit through the horrors of the Abyss.
 79148 | Pan      | epen: Лол
 79168 | Pan      | epen: туц туц туц туц туц
 79176 | Pan      | epen: туц туц туц туц туц туц
 79184 | Pan      | epen: туц туц туц туц туц
 79187 | Pan      | Noticed Xeosegg the pandemonium lord
 79195 | Pan      | Killed Xeosegg the pandemonium lord
 79292 | Pan      | epen: что блять за бешеный реген?
 79296 | Pan      | epen: ты ведь даже не дракон
 79296 | Pan      | namelastname112: спелл же
 79320 | Pan      | epen: а
 79507 | Pan      | Noticed Gippumal the pandemonium lord
 79517 | Pan      | Killed Gippumal the pandemonium lord
 79585 | Pan      | Found a huge runed gate.
 79585 | Pan      | Found a huge runed gate.
 79585 | Pan      | Found a huge runed gate.
 79585 | Pan      | Found a huge runed gate.
 79585 | Pan      | Found a huge runed gate.
 79585 | Pan      | Found a huge runed gate.
 79585 | Pan      | Found a huge runed gate.
 79585 | Pan      | Noticed Bytwoyla the pandemonium lord
 79637 | Pan      | Found an exit through the horrors of the Abyss.
 79934 | Pan      | Found an exit through the horrors of the Abyss.
 79944 | Pan      | Entered the realm of Mnoleg.
 79945 | Pan      | epen: лол
 79945 | Pan      | namelastname112: бляаааа
 79945 | Pan      | epen: неплохо
 79945 | Pan      | namelastname112: вот это меня высадило
 79945 | Pan      | namelastname112: видишь вон
 79945 | Pan      | epen: читай теле
 79945 | Pan      | namelastname112: хуйня красная
 79945 | Pan      | namelastname112: это мнолег
 79945 | Pan      | namelastname112: гарантирую
 79946 | Pan      | Noticed Mnoleg
 79955 | Pan      | epen: сука
 79960 | Pan      | epen: кто это был?
 79967 | Pan      | namelastname112: наркоман?
 79967 | Pan      | namelastname112: ты же его убивал
 79967 | Pan      | namelastname112: или нет
 79967 | Pan      | namelastname112: лоо
 79967 | Pan      | namelastname112: л
 79967 | Pan      | epen: нет
 79967 | Pan      | namelastname112: это мнолег
 79967 | Pan      | epen: его я не убивал
 80111 | Pan      | Gained mutation: You expend magic power (3 MP) to strengthen your wands. [a neqoxec]
 80173 | Pan      | Reached skill level 26 in Unarmed Combat
 80204 | Pan      | Gained mutation: Your spells are a little easier to cast, but a little less powerful. [a neqoxec]
 80224 | Pan      | Gained mutation: You are dopey. (Int -2) [a neqoxec]
 80224 | Pan      | Gained mutation: Your magical capacity is low (-10% MP). [a shining eye]
 80236 | Pan      | namelastname112: лол
 80236 | Pan      | namelastname112: а вот этого у него не было
 80254 | Pan      | Gained mutation: You are weak. (Str -2) [a cacodemon]
 80257 | Pan      | Killed Mnoleg
 80258 | Pan      | Lost mutation: You have sharp toenails. [a cacodemon]
 80261 | Pan      | Gained mutation: You regenerate slowly when monsters are visible. [a neqoxec]
 80267 | Pan      | Gained mutation: You are very dopey. (Int -4) [a neqoxec]
 80269 | Pan      | Gained mutation: Your system is resistant to poisons. [a neqoxec]
 80273 | Pan      | Gained mutation: You are occasionally teleported next to monsters. [a neqoxec]
 80319 | Pan      | Got a glowing rune of Zot
 80320 | Pan      | namelastname112: весь инт схавали
 80320 | Pan      | namelastname112: и обмутировали
 80320 | Pan      | namelastname112: не люблю этот этаж
 80379 | Pan      | Lost mutation: You are occasionally teleported next to monsters. [potion of cure mutation]
 80379 | Pan      | Lost mutation: Your magical capacity is low (-10% MP). [potion of cure mutation]
 80379 | Pan      | Lost mutation: You occasionally shout uncontrollably at your foes. [potion of cure mutation]
 80379 | Pan      | Lost mutation: You are very dopey. (Int -4) [potion of cure mutation]
 80380 | Pan      | Lost mutation: You are dopey. (Int -2) [potion of cure mutation]
 80380 | Pan      | Lost mutation: You regenerate slowly when monsters are visible. [potion of cure mutation]
 80380 | Pan      | Lost mutation: You expend magic power (3 MP) to strengthen your wands. [potion of cure mutation]
 80380 | Pan      | Lost mutation: You are resistant to hostile enchantments. [potion of cure mutation]
 80380 | Pan      | Lost mutation: You are weak. (Str -2) [potion of cure mutation]
 80488 | Pan      | Found an exit through the horrors of the Abyss.
 80492 | Pan      | Found a runed door.
 80503 | Pan      | Noticed Pazam the pandemonium lord
 80604 | Pan      | epen: бля
 80631 | Pan      | epen: сейчас сходил поссать и охуел
 80659 | Pan      | epen: а вместе со мной и мой хуй
 80677 | Pan      | epen: моча пиздец кипяток был
 80680 | Pan      | epen: ебал я в рот такую мочу
 80758 | Pan      | Found a glowing silver altar of Zin.
 81134 | Pan      | epen: пупу пипи пинес энд вэджайна
 81172 | Pan      | Found a glowing golden altar of the Shining One.
 81172 | Pan      | Noticed a seraph
 81173 | Pan      | Identified the cursed +0 helmet "Kayfro" {-Cast rN+ Int+5 Dex+4}
 81176 | Pan      | epen: вумэн вис дик
 81219 | Pan      | epen: энд вик мэн вис вэджайнас
 81250 | Pan      | epen: Короче
 81269 | Pan      | epen: Фрэнк начал хуйню делать
 81274 | Pan      | epen: мне не нравится
 81336 | Pan      | Killed a seraph
 81344 | Pan      | namelastname112: клевая логика
 81360 | Pan      | epen: всё то что мне не нравится -- говно
 81413 | Pan      | Got a demonic rune of Zot
 81709 | Pan      | Reached skill level 10 in Shields
 81780 | Pan      | Found a white marble altar of Elyvilon.
 82090 | Pan      | Entered the realm of Lom Lobon.
 82180 | Pan      | Reached skill level 27 in Unarmed Combat
 82523 | Pan      | Noticed Lom Lobon
 82532 | Pan      | xeno23: утони еще
 82532 | Pan      | namelastname112: смешно будет
 82534 | Pan      | namelastname112: блять
 82534 | Pan      | namelastname112: че сделал
 82535 | Pan      | xeno23: ты сало прочитал?
 82536 | Pan      | xeno23: лолчто
 82536 | Pan      | Got a magical rune of Zot
 82538 | Pan      | namelastname112: кнопку не ту нажал
 82538 | Pan      | namelastname112: лол
 82882 | Pan      | Noticed Xoodoal the pandemonium lord
 82893 | Pan      | Killed Xoodoal the pandemonium lord
 83053 | Pan      | Entered the realm of Gloorx Vloq.
 83458 | Pan      | Noticed Gloorx Vloq
 83483 | Pan      | Killed Gloorx Vloq
 83509 | Pan      | Got a dark rune of Zot
 83870 | Pan      | namelastname112: бля
 83870 | Pan      | namelastname112: я же собрал все в пане
 83870 | Pan      | xeno23: лол
 83870 | Pan      | namelastname112: че я тут делаю
 84005 | Pan      | Found an exit through the horrors of the Abyss.
 84009 | Pan      | Took an exit into the Abyss.
 84009 | Abyss:1  | Escaped into the Abyss
 84186 | Depths:3 | Escaped the Abyss
 84271 | Dis:1    | Entered Level 1 of the Iron City of Dis
 84367 | Dis:1    | Lost mutation: Your spells are a little easier to cast, but a little less powerful. [potion of cure mutation]
 84367 | Dis:1    | Lost mutation: Your system is resistant to poisons. [potion of cure mutation]
 84367 | Dis:1    | Lost mutation: Your skin changes colour to match your surroundings (Stealth). [potion of cure mutation]
 84982 | Dis:7    | Entered Level 7 of the Iron City of Dis
 85205 | Dis:7    | Gained mutation: You expend magic power (3 MP) to strengthen your wands. [mutagenic glow]
 85237 | Dis:7    | Lost mutation: You expend magic power (3 MP) to strengthen your wands. [potion of cure mutation]
 85625 | Dis:7    | Noticed Dispater
 85644 | Dis:7    | Killed Dispater
 85654 | Dis:7    | Gained mutation: Potions and wands are less effective at restoring your health. [a cacodemon]
 85675 | Dis:7    | Got an iron rune of Zot
 86204 | Vaults:3 | Bought a meat ration for 60 gold pieces
 86204 | Vaults:3 | Bought a beef jerky for 18 gold pieces
 86204 | Vaults:3 | Bought a bread ration for 60 gold pieces
 86204 | Vaults:3 | Bought a bread ration for 60 gold pieces
 86204 | Vaults:3 | Bought a beef jerky for 18 gold pieces
 86204 | Vaults:3 | Bought a beef jerky for 18 gold pieces
 86204 | Vaults:3 | Bought a bread ration for 60 gold pieces
 86204 | Vaults:3 | Bought a fruit for 18 gold pieces
 86204 | Vaults:3 | Bought a beef jerky for 18 gold pieces
 86204 | Vaults:3 | Bought a bread ration for 60 gold pieces
 86450 | Orc:2    | Bought a meat ration for 55 gold pieces
 86450 | Orc:2    | Bought a beef jerky for 16 gold pieces
 86450 | Orc:2    | Bought a bread ration for 55 gold pieces
 86450 | Orc:2    | Bought a meat ration for 55 gold pieces
 86450 | Orc:2    | Bought a meat ration for 55 gold pieces
 86450 | Orc:2    | Bought a meat ration for 55 gold pieces
 86450 | Orc:2    | Bought a meat ration for 55 gold pieces
 86450 | Orc:2    | Bought a slice of pizza for 16 gold pieces
 86450 | Orc:2    | Bought a bread ration for 55 gold pieces
 86450 | Orc:2    | Bought a meat ration for 55 gold pieces
 86450 | Orc:2    | Bought 3 fruits for 49 gold pieces
 86450 | Orc:2    | Bought a bread ration for 55 gold pieces
 86561 | D:12     | Vulkandrache: why are you buying all that food
 86587 | D:14     | namelastname112: i'm afraid that i might run out of it in hells
 86690 | Tar:1    | Entered Level 1 of Tartarus
 86695 | Tar:1    | Vulkandrache: 17 bread
 86710 | Tar:1    | Vulkandrache: wow
 87084 | Tar:4    | Reached skill level 15 in Shields
 87446 | Tar:7    | Entered Level 7 of Tartarus
 87448 | Tar:7    | namelastname112: uh
 87448 | Tar:7    | namelastname112: this stupid shit again
 87798 | Tar:7    | Noticed Ereshkigal
 87826 | Tar:7    | Killed Ereshkigal
 87848 | Tar:7    | Got a bone rune of Zot
 88210 | Tar:7    | Vulkandrache: damn that silent spectre looks amazing
 88237 | Tar:7    | namelastname112: yeah new tile is way better
 88471 | Geh:1    | Entered Level 1 of Gehenna
 88738 | Geh:1    | You fall through a shaft!
 89270 | Geh:7    | Entered Level 7 of Gehenna
 89647 | Geh:7    | HP: 12/351 [Brimstone Fiend/damnation (37)]
 89647 | Geh:7    | Killed from afar by a Brimstone Fiend

Vault maps used:
D:1:      ncdulo_wetmaze
D:4:      nicolae_dithmenos_through_a_glass_darkly, portal_sewer_entry_a
D:5:      grunt_temple_overflow_opulence, fiery_altar_vehumet,
          lemuel_crystal_altar, kennysheep_little_box, first_bread, st_stairs_6,
          uniq_grinder
D:6:      grunt_temple_overflow_open, overflow_temple_1_default,
          minmay_temple_entry_glass
D:7:      marbit_many_paths, uniq_crazy_yiuf_cottage, uniq_menkaure
D:8:      uniq_maurice, uniq_prince_ribbit1
D:9:      overflow_temple_1_default, david_lair_shrubbed, erik_orc_3,
          hangedman_fish_farm
D:12:     portal_ice_cave_entry_pillars_02
D:13:     roderic_roman_lattice, kennysheep_windowed_goal
D:14:     david_vaults_4
D:15:     grunt_enter_depths_giant_problem, nicolae_ru_sacrificial_ziggurat
Lair:1:   beast_lair_carwin_5, grunt_megastairs_1, serial_bayou_shore_b
Lair:2:   lemuel_fruit_fields
Lair:3:   nicolae_spider_entry_non_spiders, nicolae_volcano_entry_s_turn,
          serial_bayou_shore_b, lemuel_fruit_tree, serial_bayou_shore_a,
          uniq_gastronok
Lair:4:   grunt_megastairs_2
Lair:5:   minivault_27
Lair:6:   boulder_dual_corridor_run, minmay_shoals_entry_hut,
          nicolae_slime_entry_slimehenge, beast_lair_carwin_4,
          grunt_megastairs_3
Lair:7:   st_stairs_8
Lair:8:   grunt_lair_end_beastmaster, basic_altar, pond,
          bh_autumn_forest_stairs, uniq_kirke
Shoals:2: nicolae_shoals_aquamancer_cove
Shoals:3: cheibrodos_shoals_roost
Shoals:4: shoals_end_hangedman, shoal_ilsuiw, serial_shops, shop, shop,
          nicolae_shop_waterfront, shop, nicolae_shop_behind_doors
Spider:1: uniq_aizul, uniq_frances
Spider:2: nicolae_looking_at_the_future, uniq_donald
Spider:3: einodemon_crawler_minivault, hangedman_spider_tarantella_strand
Spider:4: spider_rune_water
Slime:1:  basic_altar
Slime:5:  nicolae_slime_jelly_donut
Orc:1:    mines2_david
Orc:2:    pubby_orc_utopia
Elf:1:    elf_arrival_001, enter_trove_5, hangedman_elven_crosses_minicolossus
Elf:3:    minmay_elf_hall
Vaults:1: nicolae_vaults_quadrants, nicolae_vaults_shelves_hall, v_misc_11,
          vaults_room_door_hall, nicolae_vaults_little_squares_1,
          grunt_vaults_bifocal, grunt_vaults_hallway_long, ontoclasm_vaults_eye,
          v_misc_3, hangedman_vaults_snaps, v_rooms_6, mu_enter_wizlab_3
Vaults:2: vaults_room_corners, nicolae_vaults_stairing_the_circle,
          vaults_dpeg_encased_lava, hangedman_vaults_hat, nicolae_vaults_theta,
          vaults_mumra_hex, ontoclasm_vaults_chip,
          nicolae_vaults_ring_of_whatevers, v_pattern_4,
          hangedman_vaults_stretched_pinwheel, ontoclasm_vaults_tryst,
          v_misc_14, serial_ice_h, serial_shops, bzr_entry_gold
Vaults:3: minmay_crypt_entry_simple_round, vaults_room_hallway,
          nicolae_vaults_circle_grid_b, vaults_dpeg_spiral, v_alt_pattern_2,
          ontoclasm_vaults_ring_large, nicolae_vaults_triangles,
          grunt_vaults_twisty, ontoclasm_vaults_idyll, ontoclasm_vaults_idyll,
          serial_shops, nicolae_shop_trees, nicolae_shop_statue_plus, shop
Vaults:4: vaults_room_fancy_cross, v_misc_2, ontoclasm_vaults_gateway,
          vaults_mumra_chevron_long, nicolae_vaults_rhombus_6, v_misc_24,
          vaults_dpeg_ring, hangedman_vaults_capsules,
          ontoclasm_vaults_loading_screen, nicolae_vaults_alarming,
          serial_shops, shop
Vaults:5: serial_shops
Crypt:1:  uniq_sojobo
Crypt:3:  lightli_unholy_cathedral, tomb_entry_shell_bobbens, uniq_wiglaf,
          uniq_xtahua
Tomb:2:   uniq_frederick, uniq_mara, uniq_khufu
Depths:1: lightli_too_deep, minmay_tree_intersection, grunt_ministairs_3,
          minmay_misc_feat_rows, grunt_decor_one_mirror, st_stairs_13,
          kennysheep_generic_room_9, uniq_saint_roka
Depths:2: minmay_dotted_concentric_squares, hangedman_coc_ice_floe,
          hangedman_decor_lopped, uniq_norris
Depths:3: grunt_bent_corner, serial_bayou_pond_a, abyss_entry_small_statue_room,
          grunt_hell_entry_dis_old, rand_demon_pan_entry_3, serial_sigils,
          serial_sigils_hangedman_carve, serial_sigils_hangedman_confine,
          serial_sigils_hangedman_scratch, serial_sigils_hangedman_snap,
          serial_sigils_hangedman_snap
Depths:4: grunt_house_of_mirrors, hell_entry, abyss_entry
Depths:5: evilmike_zot_entry_diamond, enter_ziggurat_f, hell_entry, uniq_mennas
Dis:3:    hangedman_player_shredder
Dis:7:    iron_city_of_dis
Geh:7:    geh_grunt_pentagon
Tar:5:    hangedman_mysterious_dungeon_monster_house
Tar:7:    tar_minmay_river
Abyss:1:  bh_abyss_exit_spiral, minivault_22
Abyss:3:  due_exit_kobolds, nicolae_abyss_rune_star_stuff, bh_abyss_exit_choice
Pan:      evilmike_mini_pan_T, rand_demon_4, nicolae_pan_cerebovesque_3,
          rand_demon_6, reaverb_pan_figure_eight, nicolae_pan_door_chamber,
          pan_blood_fountain, cerebov_st, grunt_pan_pentagram, rand_demon_6,
          pan_blood_fountain_small, evilmike_mini_pan_3x3, pan_blood_fountain,
          evilmike_mini_pan_pillars, evilmike_mini_pan_possible_glass,
          pan_blood_fountain_2, nicolae_pan_glass_arcs, pan_disco_hall,
          grunt_pan_frozen_over, pan_blood_fountain, grunt_pan_in_and_out,
          pan_blood_fountain, rand_demon_6, pan_blood_fountain_small,
          pan_surprise, nicolae_pan_giant_door, lemuel_hall_of_pain,
          nicolae_pan_strange_glyphs, mnoleg_grunt_wretched_star, rand_demon_9,
          evilmike_holy_pan, lemuel_hellion_island, evilmike_mini_pan_T,
          pan_blood_fountain_small, nicolae_pan_mnolegish_1,
          lom_lobon_grunt_wind_tunnels, nicolae_pan_double_arrow,
          nicolae_pan_lom_lobonic_4, reaverb_pan_chaos_star,
          evilmike_gloorx_vloq_box, nicolae_pan_glass_arcs,
          nicolae_pan_sigil_eeng, grunt_pan_in_and_out, uniq_lom_lobon
Zig:5:    ziggurat_pillar_centre_c
Zig:8:    ziggurat_pillar_centre_smoke
Zig:10:   ziggurat_pillar_centre_drop
Bazaar:   bazaar_kb_twisted_cavern
Trove:    trove_jewellery_lava
Sewer:    sewer_co_cracked_pipes
IceCv:    ice_cave_small_demon
Volcano:  volcano_aerie
WizLab:   wizlab_demon

Skill      XL: |  1  2  3  4  5  6  7  8  9 10 11 12 13 14 15 16 17 18 19 20 21 22 23 24 25 26 27 |
---------------+----------------------------------------------------------------------------------+-----
Unarmed Combat | 1 2 3 4 5 8 10 11 12 13 14 15 16 17 18 19 20 21 22 23 27 | 27.0
Fighting       | 4 5 6 7 8 9 10 11 12 13 14 15 16 17 18 19 26 | 26.4
Dodging        | 3 4 6 7 8 9 10 11 12 13 14 15 16 17 18 20 21 22 24 | 24.4
Spellcasting   | 2 4 5 8 9 10 11 12 13 14 | 14.3
Transmutations | 1 5 8 11 13 14 15 | 15.3
Shields        | 1 4 18 | 18.4
Charms         | 1 3 5 6 7 8 10 11 12 | 12.1
Earth Magic    | 2 5 |  5.2
Air Magic      | 4 8 10 12 | 12.0
Evocations     | 3 6 7 8 |  8.5
Hexes          | 3 6 8 |  8.4
Translocations | 3 25 | 25.5
Long Blades    | |  3.7

Action                   |  1- 3 |  4- 6 |  7- 9 | 10-12 | 13-15 | 16-18 | 19-21 | 22-24 | 25-27 || total
-------------------------+-------+-------+-------+-------+-------+-------+-------+-------+-------++-------
Melee: Falchion          |   122 |   197 |   151 |       |       |       |       |       |       ||   470
       Tailslap          |     8 |    19 |    67 |   196 |   306 |   124 |   231 |   274 |   873 ||  2098
       Punch             |       |     4 |    15 |    35 |    51 |    77 |   114 |    17 |   128 ||   441
       Unarmed           |       |       |   429 |  1357 |  1670 |   878 |  1333 |  1503 |  5154 || 12324
       Kick              |       |       |     1 |   361 |   361 |       |    31 |   456 |   487 ||  1697
       Bite              |       |       |       |       |    75 |    94 |   153 |    16 |   137 ||   475
       Staff             |       |       |       |       |    33 |    23 |    22 |       |       ||    78
Throw: Throwing net      |       |       |     2 |     9 |       |       |       |       |       ||    11
 Cast: Dragon Form       |       |       |       |       |    52 |    66 |    80 |    10 |    48 ||   256
       Repel Missiles    |       |       |       |       |     2 |    11 |    12 |     4 |       ||    29
       Regeneration      |       |       |       |       |     2 |    24 |    49 |    40 |   141 ||   256
       Blink             |       |       |       |       |     1 |       |       |       |     1 ||     2
       Apportation       |       |       |       |       |       |       |     2 |       |     9 ||    11
       Statue Form       |       |       |       |       |       |       |     2 |    59 |   185 ||   246
       Haste             |       |       |       |       |       |       |     2 |    12 |    59 ||    73
       Passwall          |       |       |       |       |       |       |       |     8 |    15 ||    23
       Deflect Missiles  |       |       |       |       |       |       |       |     2 |    23 ||    25
       Silence           |       |       |       |       |       |       |       |     5 |    23 ||    28
       Controlled Blink  |       |       |       |       |       |       |       |       |     1 ||     1
Invok: Curse Item        |       |       |       |     4 |     2 |     2 |     1 |     2 |     1 ||    12
       Scrying           |       |       |       |       |       |     3 |       |       |     9 ||    12
 Abil: Breathe Frost     |       |       |    17 |    32 |    11 |     4 |     6 |       |       ||    70
       End Transformatio |       |       |       |       |       |     1 |       |       |       ||     1
Evoke: Wand              |       |       |     2 |     4 |     5 |     4 |       |     3 |       ||    18
       Deck              |       |       |       |     7 |     3 |       |       |       |     1 ||    11
       Figurine of a zig |       |       |       |       |       |       |       |       |     1 ||     1
       Phial of floods   |       |       |       |       |       |       |       |       |     1 ||     1
  Use: Potion            |       |     2 |     4 |     4 |     3 |     4 |     4 |     3 |    20 ||    44
       Scroll            |       |       |     5 |    20 |     9 |     3 |     8 |     8 |    19 ||    72
 Stab: Sleeping          |     2 |     3 |     4 |     9 |    18 |     1 |     2 |       |     7 ||    46
       Paralysed         |     1 |       |     4 |       |       |       |       |       |       ||     5
       Invisible         |     1 |     4 |       |       |       |     9 |       |       |       ||    14
       Distracted        |       |       |     1 |     4 |     2 |       |       |     3 |     5 ||    15
       Held in net/web   |       |       |       |     8 |       |       |     2 |       |       ||    10
       Petrifying        |       |       |       |       |     1 |       |       |       |       ||     1
       Confused          |       |       |       |       |       |       |       |       |     1 ||     1
  Eat: Chunk             |     2 |     6 |    12 |    34 |    42 |    22 |    24 |     9 |    44 ||   195
       Meat ration       |       |       |     2 |     4 |     1 |     2 |     4 |    11 |    18 ||    42
       Royal jelly       |       |       |     2 |       |     1 |     1 |       |       |       ||     4
       Beef jerky        |       |       |       |     4 |       |     4 |     4 |     2 |    10 ||    24
       Pizza             |       |       |       |     1 |     1 |       |       |     2 |     2 ||     6
       Fruit             |       |       |       |     1 |     1 |       |       |     1 |     6 ||     9
       Bread ration      |       |       |       |       |       |       |       |       |    21 ||    21
Armor: Skin              |    37 |   105 |   204 |   416 |   489 |   458 |   644 |   486 |  1572 ||  4411
Dodge: Dodged            |    77 |   162 |   352 |   894 |  1159 |   643 |  1360 |  1663 |  5780 || 12090
       Deflected         |       |       |       |       |     6 |    45 |    34 |    40 |   150 ||   275
Block: Buckler           |       |       |       |   107 |   309 |     9 |    37 |   434 |  2007 ||  2903
       Large shield      |       |       |       |       |       |       |       |       |   827 ||   827
